Workbook
Name _Div1: #REF!
Name _Div1: #REF!
Name _Div2: #REF!
Name _Div2: #REF!
Name _Div3: #REF!
Name _Div3: #REF!
Name _Div4: #REF!
Name _Div4: #REF!
Name _Regression_Int: 1
Name coup: [1]Convexity!$C$7
Name g_firm: #REF!
Name g_firm: #REF!
Name g_firm: #REF!
Name IQ_CH: 110000
Name IQ_CQ: 5000
Name IQ_CY: 10000
Name IQ_DAILY: 500000
Name IQ_FH: 100000
Name IQ_FQ: 500
Name IQ_FY: 1000
Name IQ_LTM: 2000
Name IQ_MONTH: 15000
Name IQ_NTM: 6000
Name IQ_WEEK: 50000
Name IQ_YTD: 3000
Name k: #REF!
Name k: #REF!
Name k: #REF!
Name k_eq: #REF!
Name k_eq: #REF!
Name mat: [1]Convexity!$C$9
Name price: [1]Convexity!$C$10
Name Price4: #REF!
Name Price4: #REF!
Name Price4: #REF!
Name Print_Area_MI: #REF!
Name Print_Area_MI: #REF!
Name rdebt: #REF!
Name rdebt: #REF!
Name Selling_Price: '[2]Base Case'!$B$11
Name tax_rate: #REF!
Name tax_rate: #REF!
Name tax_rate: #REF!
Name taxtable: #REF!
Name taxtable: #REF!
Name taxtable: #REF!
Name taxtable: #REF!
Name taxtable: #REF!
Name term_g: #REF!
Name term_g: #REF!
Name Variable_Cost_per_unit: '[2]Base Case'!$B$12
Name WACC_5: #REF!
Name WACC_5: #REF!
Name WACC_5: #REF!
Name ytm: [1]Convexity!$C$8

Sheet Capital Allocation
B2: Capital Allocation. Optimal Captial Allocation using Maximum Utility
B3: Capital Allocation > Asset Classes Allocation > Security Selection
B5: Risky Pf (P) only
B6: rf: rate of return of risk-free asset | D6: 0.0495
B7: E(Rp): expected return of risky pf | D7: ='Asset Classes Allocation'!D26 -> 0.29475541
B8: 𝜎 p: SD of risky pf | D8: ='Asset Classes Allocation'!E26 -> 0.2212053
B10: Complete Pf (C). Risk free + Risky Pf
B11: y: weight of risky pf | D11: =(D7-D6)/(D17*D8^2) -> 0.55691001
B12: 1-y: weight of risk free asset | D12: =1-D11 -> 0.44308999
B13: E(rc): expected return of the Complete pf | D13: =D11*D7+D12*D6 -> 0.18608519
B14: 𝜎 c: SD of Complete pf | D14: =D11*D8 -> 0.12319145
B15: Slope: Capital Allocation Line ( Sharpe) | D15: =(D7-D6)/D8 -> 1.108723
B16: Risk Tolerance Score | D16: 55
B17: Risk Aversion Index (A: 1~20)* | D17: =20*(1-D16/100) -> 9
B18: Utility at the risk aversion level | D18: =D13-1/2*D17*D14^2 -> 0.1177926
B19: *Bear (1~5), Normal (1~10), Bull (1~20), Bubble (1~30)
F21: 0.097283828
B22: W of risky pf: y | C22: E(rc) on CAL | D22: 𝜎 c | E22: Utiliity | F22: E(rc) on Indiff.
B23: Max. U | C23: =D13 -> 0.18608519 | D23: =D14 -> 0.12319145 | E23: =D18 -> 0.1177926 | F23: =$F$21+1/2*$D$17*D23^2 -> 0.16557642
B24: 0.1 | C24: 0.074025541 | D24: 0.02212053 | E24: 0.071823611 | F24: =$F$21+1/2*$D$17*D24^2 -> 0.099485758
B25: 0.2 | C25: 0.098551083 | D25: 0.04424106 | E25: 0.089743361 | F25: =$F$21+1/2*$D$17*D25^2 -> 0.10609155
B26: 0.3 | C26: 0.12307662 | D26: 0.066361591 | E26: 0.10325925 | F26: =$F$21+1/2*$D$17*D26^2 -> 0.1171012
B27: 0.4 | C27: 0.14760217 | D27: 0.088482121 | E27: 0.11237128 | F27: =$F$21+1/2*$D$17*D27^2 -> 0.13251471
B28: 0.5 | C28: 0.17212771 | D28: 0.11060265 | E28: 0.11707945 | F28: =$F$21+1/2*$D$17*D28^2 -> 0.15233209
B29: 0.6 | C29: 0.19665325 | D29: 0.13272318 | E29: 0.11738375 | F29: =$F$21+1/2*$D$17*D29^2 -> 0.17655332
B30: 0.7 | C30: 0.22117879 | D30: 0.15484371 | E30: 0.1132842 | F30: =$F$21+1/2*$D$17*D30^2 -> 0.20517842
B31: 0.8 | C31: 0.24570433 | D31: 0.17696424 | E31: 0.10478079 | F31: =$F$21+1/2*$D$17*D31^2 -> 0.23820737
B32: 0.9 | C32: 0.27022987 | D32: 0.19908477 | E32: 0.091873512 | F32: =$F$21+1/2*$D$17*D32^2 -> 0.27564019
B33: 1 | C33: 0.29475541 | D33: 0.2212053 | E33: 0.074562376 | F33: =$F$21+1/2*$D$17*D33^2 -> 0.31747686

Sheet Asset Classes Allocation
B2: Asset Classes Allocation Analysis: Optimal Complete Pf Model
B3: Capital Allocation > Asset Classes Allocation > Security Selection
B5: Securities | C5: Expected Return | D5: Standard Deviation | E5: Corr. Coefficient B,E | F5: Covariance B,E | H5: Efficient Frontier meets CAL with Optimal Risky Pf
B6: Bond Pf (B) | C6: ='Data. Bond Duration & Convexity'!C16 -> 0.15449548 | D6: ='Data. Securities'!N8 -> 0.14724104 | E6: =CORREL('Data. Securities'!AP42:AP100,'Data. Securities'!AS42:AS100) -> 0.43659125 | F6: =$D$6*$D$7*$E$6 -> 0.014219995
B7: Equity Pf (E) | C7: ='Security Allocation'!C64+C8 -> 0.29475541 | D7: ='Security Allocation'!C65 -> 0.2212053
B8: T-Bill | C8: 0.0495 | D8: 0
B10: Risky Asset Portfolio: Weights | F10: Reward to Variability
B11: Bond weight | C11: Equity weight | D11: Expected Return | E11: Standard Deviation | F11: (Sharpe ratio)
B12: 1 | C12: 0 | D12: =$C$6*$B12+$C$7*$C12 -> 0.15449548 | E12: =($B12^2*$D$6^2+$C12^2*$D$7^2+2*$B12*$C12*$F$6)^0.5 -> 0.14724104 | F12: =(D12-$C$8)/E12 -> 0.71308572
B13: 0.9 | C13: 0.1 | D13: =$C$6*$B13+$C$7*$C13 -> 0.16852148 | E13: =($B13^2*$D$6^2+$C13^2*$D$7^2+2*$B13*$C13*$F$6)^0.5 -> 0.14356064 | F13: =(D13-$C$8)/E13 -> 0.82906764
B14: 0.8 | C14: 0.2 | D14: =$C$6*$B14+$C$7*$C14 -> 0.18254747 | E14: =($B14^2*$D$6^2+$C14^2*$D$7^2+2*$B14*$C14*$F$6)^0.5 -> 0.14276842 | F14: =(D14-$C$8)/E14 -> 0.93191107
B15: 0.7 | C15: 0.3 | D15: =$C$6*$B15+$C$7*$C15 -> 0.19657346 | E15: =($B15^2*$D$6^2+$C15^2*$D$7^2+2*$B15*$C15*$F$6)^0.5 -> 0.14491177 | F15: =(D15-$C$8)/E15 -> 1.0149173
B16: 0.6 | C16: 0.4 | D16: =$C$6*$B16+$C$7*$C16 -> 0.21059946 | E16: =($B16^2*$D$6^2+$C16^2*$D$7^2+2*$B16*$C16*$F$6)^0.5 -> 0.14986479 | F16: =(D16-$C$8)/E16 -> 1.0749653
B17: 0.5 | C17: 0.5 | D17: =$C$6*$B17+$C$7*$C17 -> 0.22462545 | E17: =($B17^2*$D$6^2+$C17^2*$D$7^2+2*$B17*$C17*$F$6)^0.5 -> 0.1573624 | F17: =(D17-$C$8)/E17 -> 1.1128799
B18: 0.4 | C18: 0.6 | D18: =$C$6*$B18+$C$7*$C18 -> 0.23865144 | E18: =($B18^2*$D$6^2+$C18^2*$D$7^2+2*$B18*$C18*$F$6)^0.5 -> 0.16706235 | F18: =(D18-$C$8)/E18 -> 1.1322206
B19: 0.3 | C19: 0.7 | D19: =$C$6*$B19+$C$7*$C19 -> 0.25267743 | E19: =($B19^2*$D$6^2+$C19^2*$D$7^2+2*$B19*$C19*$F$6)^0.5 -> 0.17860618 | F19: =(D19-$C$8)/E19 -> 1.1375723
B20: 0.2 | C20: 0.8 | D20: =$C$6*$B20+$C$7*$C20 -> 0.26670343 | E20: =($B20^2*$D$6^2+$C20^2*$D$7^2+2*$B20*$C20*$F$6)^0.5 -> 0.191661 | F20: =(D20-$C$8)/E20 -> 1.1332688
B21: 0.1 | C21: 0.9 | D21: =$C$6*$B21+$C$7*$C21 -> 0.28072942 | E21: =($B21^2*$D$6^2+$C21^2*$D$7^2+2*$B21*$C21*$F$6)^0.5 -> 0.20593966 | F21: =(D21-$C$8)/E21 -> 1.1228018
B22: 0 | C22: 1 | D22: =$C$6*$B22+$C$7*$C22 -> 0.29475541 | E22: =($B22^2*$D$6^2+$C22^2*$D$7^2+2*$B22*$C22*$F$6)^0.5 -> 0.2212053 | F22: =(D22-$C$8)/E22 -> 1.108723
B23: A. Minimum Variance Portfolio of Risky Assets | D23: Expected Return | E23: Min. Standard Deviation | F23: Sharpe Ratio
B24: 1 | C24: =1-$B$24 -> 0 | D24: =$C$6*$B24+$C$7*$C24 -> 0.15449548 | E24: =((($B$24^2)*($D$6^2))+(($C$24^2)*($D$7^2))+(2*$B$24*$C$24*$F$6))^0.5 -> 0.14724104 | F24: =(D24-$C$8)/E24 -> 0.71308572 | G24: short-not allowed
B25: B. Optimal Risky Portfolio. Maximum of Sharpe ratio | D25: Expected Return | E25: Standard Deviation | F25: Max. of Sharpe Ratio
B26: 0 | C26: 1 | D26: =$C$6*$B26+$C$7*$C26 -> 0.29475541 | E26: =((($B$26^2)*($D$6^2))+(($C$26^2)*($D$7^2))+(2*$B$26*$C$26*$F$6))^0.5 -> 0.2212053 | F26: =(D26-$C$8)/E26 -> 1.108723 | G26: short-not allowed
B28: C. Optimal Complete Portfolio with U w/ Risk-Free Asset
B29: Weight y: Optimal Risky Portfolio | D29: =(D26-C8)/('Capital Allocation'!D17*E26^2) -> 0.55691001
B30: Weight (1-y): Risk-Free Asset | D30: =1-D29 -> 0.44308999
B31: Bond weight in the Optimal Complete Pf | D31: =D29*B26 -> 0
B32: Equity weight in the Optimal Complete Pf | D32: =D29*C26 -> 0.55691001
B33: E(rc): expected return of the Overall Complete pf | D33: =D29*D26+D30*C8 -> 0.18608519
B34: 𝜎 c: SD of Overall Complete pf | D34: =D29*E26 -> 0.12319145
B35: Sharpe Ratio (Max. Slope of CAL) | D35: =(D33-C8)/D34 -> 1.108723

Sheet Security Allocation
B1: Index Portfolio Model. GRID + Active Portfolio (Large Growth)
B3: Panel A. Risk Parameters of Pf A (annualized) | C3: ='Data. Securities'!F6 -> ACWI | D3: ='Data. Securities'!G6 -> PWR | E3: ='Data. Securities'!H6 -> ETN | F3: ='Data. Securities'!I6 -> AEP | G3: ='Data. Securities'!J6 -> SBGSY | H3: ='Data. Securities'!K6 -> NVT | I3: ='Data. Securities'!L6 -> HUBB | J3: ='Data. Securities'!M6 -> MLI
B4: Beta | C4: ='Data. Securities'!F17 -> 1 | D4: ='Data. Securities'!G17 -> 1.1426533 | E4: ='Data. Securities'!H17 -> 1.1848108 | F4: ='Data. Securities'!I17 -> 0.65975159 | G4: ='Data. Securities'!J17 -> 1.715945 | H4: ='Data. Securities'!K17 -> 1.2999021 | I4: ='Data. Securities'!L17 -> 0.98604857 | J4: ='Data. Securities'!M17 -> 1.0637776
B5: SD of Excess Return | C5: ='Data. Securities'!F8 -> 0.14970927 | D5: ='Data. Securities'!G8 -> 0.31305007 | E5: ='Data. Securities'!H8 -> 0.27224238 | F5: ='Data. Securities'!I8 -> 0.19049373 | G5: ='Data. Securities'!J8 -> 0.30688909 | H5: ='Data. Securities'!K8 -> 0.30019722 | I5: ='Data. Securities'!L8 -> 0.27717203 | J5: ='Data. Securities'!M8 -> 0.30960777
B6: SD of Residual (e), Firm specific Component | C6: ='Data. Securities'!F10 -> 0 | D6: ='Data. Securities'!G10 -> 0.26217712 | E6: ='Data. Securities'!H10 -> 0.20652664 | F6: ='Data. Securities'!I10 -> 0.31664495 | G6: ='Data. Securities'!J10 -> 0.16788975 | H6: ='Data. Securities'!K10 -> 0.22857457 | I6: ='Data. Securities'!L10 -> 0.36828463 | J6: ='Data. Securities'!M10 -> 0.37877785
B7: SD of Systematic Component | C7: =C4*$C$5 -> 0.14970927 | D7: =D4*$C$5 -> 0.1710658 | E7: =E4*$C$5 -> 0.17737716 | F7: =F4*$C$5 -> 0.098770928 | G7: =G4*$C$5 -> 0.25689287 | H7: =H4*$C$5 -> 0.1946074 | I7: =I4*$C$5 -> 0.14762061 | J7: =J4*$C$5 -> 0.15925737
B8: Correlation with the Market Index | C8: =C4*$C$5/C5 -> 1 | D8: =D4*$C$5/D5 -> 0.54644867 | E8: =E4*$C$5/E5 -> 0.65154134 | F8: =F4*$C$5/F5 -> 0.51849964 | G8: =G4*$C$5/G5 -> 0.83708701 | H8: =H4*$C$5/H5 -> 0.64826514 | I8: =I4*$C$5/I5 -> 0.53259562 | J8: =J4*$C$5/J5 -> 0.51438428
B10: Panel B. Correlation Matrix | C10: =C3 -> ACWI | D10: =D3 -> PWR | E10: =E3 -> ETN | F10: =F3 -> AEP | G10: =G3 -> SBGSY | H10: =H3 -> NVT | I10: =I3 -> HUBB | J10: =J3 -> MLI
B11: {=TRANSPOSE(C3:J3)} -> ACWI | C11: ='Data. Securities'!S7 -> 1
B12: PWR | C12: ='Data. Securities'!S8 -> 0.54644867 | D12: ='Data. Securities'!T8 -> 1
B13: ETN | C13: ='Data. Securities'!S9 -> 0.65154134 | D13: ='Data. Securities'!T9 -> 0.3560339 | E13: ='Data. Securities'!U9 -> 1
B14: AEP | C14: ='Data. Securities'!S10 -> 0.51849964 | D14: ='Data. Securities'!T10 -> 0.28333344 | E14: ='Data. Securities'!U10 -> 0.33782395 | F14: ='Data. Securities'!V10 -> 1
B15: SBGSY | C15: ='Data. Securities'!S11 -> 0.83708701 | D15: ='Data. Securities'!T11 -> 0.45742509 | E15: ='Data. Securities'!U11 -> 0.54539679 | F15: ='Data. Securities'!V11 -> 0.43402931 | G15: ='Data. Securities'!W11 -> 1
B16: NVT | C16: ='Data. Securities'!S12 -> 0.64826514 | D16: ='Data. Securities'!T12 -> 0.35424363 | E16: ='Data. Securities'!U12 -> 0.42237154 | F16: ='Data. Securities'!V12 -> 0.33612524 | G16: ='Data. Securities'!W12 -> 0.54265433 | H16: ='Data. Securities'!X12 -> 1
B17: HUBB | C17: ='Data. Securities'!S13 -> 0.53259562 | D17: ='Data. Securities'!T13 -> 0.29103617 | E17: ='Data. Securities'!U13 -> 0.34700807 | F17: ='Data. Securities'!V13 -> 0.27615064 | G17: ='Data. Securities'!W13 -> 0.44582888 | H17: ='Data. Securities'!X13 -> 0.34526318 | I17: ='Data. Securities'!Y13 -> 1
B18: MLI | C18: ='Data. Securities'!S14 -> 0.51438428 | D18: ='Data. Securities'!T14 -> 0.28108461 | E18: ='Data. Securities'!U14 -> 0.33514263 | F18: ='Data. Securities'!V14 -> 0.26670806 | G18: ='Data. Securities'!W14 -> 0.4305844 | H18: ='Data. Securities'!X14 -> 0.3334574 | I18: ='Data. Securities'!Y14 -> 0.27395882 | J18: ='Data. Securities'!Z14 -> 1
B21: Panel C. The Index Model Covariance Matrix | C21: =C3 -> ACWI | D21: =D3 -> PWR | E21: =E3 -> ETN | F21: =F3 -> AEP | G21: =G3 -> SBGSY | H21: =H3 -> NVT | I21: =I3 -> HUBB | J21: =J3 -> MLI
B22: {=TRANSPOSE(C3:J3)} -> ACWI | C22: ='Data. Securities'!S18 -> 0.022412865
B23: PWR | C23: ='Data. Securities'!S19 -> 0.025610135 | D23: ='Data. Securities'!T19 -> 0.098000348
B24: ETN | C24: ='Data. Securities'!S20 -> 0.026555005 | D24: ='Data. Securities'!T20 -> 0.030343166 | E24: ='Data. Securities'!U20 -> 0.074115912
B25: AEP | C25: ='Data. Securities'!S21 -> 0.014786923 | D25: ='Data. Securities'!T21 -> 0.016896328 | E25: ='Data. Securities'!U21 -> 0.017519707 | F25: ='Data. Securities'!V21 -> 0.03628786
B26: SBGSY | C26: ='Data. Securities'!S22 -> 0.038459244 | D26: ='Data. Securities'!T22 -> 0.043945584 | E26: ='Data. Securities'!U22 -> 0.045566929 | F26: ='Data. Securities'!V22 -> 0.025373547 | G26: ='Data. Securities'!W22 -> 0.094180915
B27: NVT | C27: ='Data. Securities'!S23 -> 0.029134531 | D27: ='Data. Securities'!T23 -> 0.033290669 | E27: ='Data. Securities'!U23 -> 0.034518908 | F27: ='Data. Securities'!V23 -> 0.019221553 | G27: ='Data. Securities'!W23 -> 0.049993253 | H27: ='Data. Securities'!X23 -> 0.090118372
B28: HUBB | C28: ='Data. Securities'!S24 -> 0.022100174 | D28: ='Data. Securities'!T24 -> 0.025252837 | E28: ='Data. Securities'!U24 -> 0.026184525 | F28: ='Data. Securities'!V24 -> 0.014580625 | G28: ='Data. Securities'!W24 -> 0.037922683 | H28: ='Data. Securities'!X24 -> 0.028728063 | I28: ='Data. Securities'!Y24 -> 0.076824335
B29: MLI | C29: ='Data. Securities'!S25 -> 0.023842305 | D29: ='Data. Securities'!T25 -> 0.027243489 | E29: ='Data. Securities'!U25 -> 0.028248621 | F29: ='Data. Securities'!V25 -> 0.015729998 | G29: ='Data. Securities'!W25 -> 0.040912084 | H29: ='Data. Securities'!X25 -> 0.030992662 | I29: ='Data. Securities'!Y25 -> 0.02350967 | J29: ='Data. Securities'!Z25 -> 0.095856972
B32: Panel D. Correlation of Residuals in Pf A | C32: =C21 -> ACWI | D32: =D21 -> PWR | E32: =E21 -> ETN | F32: =F21 -> AEP | G32: =G21 -> SBGSY | H32: =H21 -> NVT | I32: =I21 -> HUBB | J32: =J21 -> MLI
B33: {=TRANSPOSE(C3:J3)} -> ACWI
B34: PWR | D34: ='Data. Securities'!T30 -> 1
B35: ETN | D35: ='Data. Securities'!T31 -> 0.48469274 | E35: ='Data. Securities'!U31 -> 1
B36: AEP | D36: ='Data. Securities'!T32 -> -0.30579047 | E36: ='Data. Securities'!U32 -> -0.7993247 | F36: ='Data. Securities'!V32 -> 1
B37: SBGSY | D37: ='Data. Securities'!T33 -> 0.291441 | E37: ='Data. Securities'!U33 -> 0.35585521 | F37: ='Data. Securities'!V33 -> -0.27909689 | G37: ='Data. Securities'!W33 -> 1
B38: NVT | D38: ='Data. Securities'!T34 -> 0.40668987 | E38: ='Data. Securities'!U34 -> 0.61548094 | F38: ='Data. Securities'!V34 -> -0.55455838 | G38: ='Data. Securities'!W34 -> 0.11064935 | H38: ='Data. Securities'!X34 -> 1
B39: HUBB | D39: ='Data. Securities'!T35 -> -0.69696714 | E39: ='Data. Securities'!U35 -> -0.017644133 | F39: ='Data. Securities'!V35 -> 0.070919419 | G39: ='Data. Securities'!W35 -> -0.08761279 | H39: ='Data. Securities'!X35 -> 0.0037089588 | I39: ='Data. Securities'!Y35 -> 1
B40: MLI | D40: ='Data. Securities'!T36 -> -0.35025618 | E40: ='Data. Securities'!U36 -> -0.58850793 | F40: ='Data. Securities'!V36 -> 0.59472054 | G40: ='Data. Securities'!W36 -> -0.27967656 | H40: ='Data. Securities'!X36 -> -0.23607943 | I40: ='Data. Securities'!Y36 -> 0.36085479 | J40: ='Data. Securities'!Z36 -> 1
B43: Panel E. Macro Forecast and Alpha Forecasts | C43: =C3 -> ACWI | D43: =D3 -> PWR | E43: =E3 -> ETN | F43: =F3 -> AEP | G43: =G3 -> SBGSY | H43: =H3 -> NVT | I43: =I3 -> HUBB | J43: =J3 -> MLI
B44: Adjusted Alpha | C44: ='Data. Securities'!F14 -> 0 | D44: ='Data. Securities'!G14 -> 0.1328109 | E44: ='Data. Securities'!H14 -> 0.085832913 | F44: ='Data. Securities'!I14 -> 0.026141522 | G44: ='Data. Securities'!J16 -> 0.091037173 | H44: ='Data. Securities'!K16 -> 0.12804233 | I44: ='Data. Securities'!L16 -> 0.1372644 | J44: ='Data. Securities'!M16 -> 0.41757036
B45: Beta | C45: =C4 -> 1 | D45: =D4 -> 1.1426533 | E45: =E4 -> 1.1848108 | F45: =F4 -> 0.65975159 | G45: =G4 -> 1.715945 | H45: =H4 -> 1.2999021 | I45: =I4 -> 0.98604857 | J45: =J4 -> 1.0637776
B46: Total Equity Risk Premium E(R) | C46: =C44+C45*$C$47 -> 0.056200006 | D46: =D44+D45*$C$47 -> 0.19702802 | E46: =E44+E45*$C$47 -> 0.15241929 | F46: =F44+F45*$C$47 -> 0.063219565 | G46: =G44+G45*$C$47 -> 0.18747329 | H46: =H44+H45*$C$47 -> 0.20109684 | I46: =I44+I45*$C$47 -> 0.19268034 | J46: =J44+J45*$C$47 -> 0.47735467
B47: Adjusted Market risk premium = | C47: ='Data. Securities'!F7*'Data. Securities'!B27/'Data. Securities'!F27 -> 0.056200006
B49: Panel F. Active Portfolio | E49: Active Pf | F49: =D43 -> PWR | G49: =E43 -> ETN | H49: =F43 -> AEP | I49: =G43 -> SBGSY | J49: =H43 -> NVT | K49: =I43 -> HUBB | L49: =J43 -> MLI
B50: Residual Variance of each security | C50: s2(e) | F50: =D6^2 -> 0.068736841 | G50: =E6^2 -> 0.042653254 | H50: =F6^2 -> 0.10026403 | I50: =G6^2 -> 0.028186967 | J50: =H6^2 -> 0.052246334 | K50: =I6^2 -> 0.13563357 | L50: =J6^2 -> 0.14347266
B51: Initial position of each security | C51: wi(0) = ai/s2(e) | E51: =SUM(F51:M51) -> 13.808213 | F51: =D44/F50 -> 1.9321647 | G51: =E44/G50 -> 2.0123415 | H51: =F44/H50 -> 0.26072683 | I51: =G44/I50 -> 3.2297612 | J51: =H44/J50 -> 2.4507428 | K51: =I44/K50 -> 1.0120238 | L51: =J44/L50 -> 2.9104525
B52: Scaled initial position of each security | C52: wi | E52: =SUM(F52:M52) -> 1 | F52: =F51/$E$51 -> 0.13992865 | G52: =G51/$E$51 -> 0.14573511 | H52: =H51/$E$51 -> 0.018882011 | I52: =I51/$E$51 -> 0.23390145 | J52: =J51/$E$51 -> 0.17748443 | K52: =K51/$E$51 -> 0.07329144 | L52: =L51/$E$51 -> 0.21077691
B53: Squared scaled initial position of each security | C53: [wi(0)]2 | F53: =F52^2 -> 0.019580027 | G53: =G52^2 -> 0.021238722 | H53: =H52^2 -> 0.00035653032 | I53: =I52^2 -> 0.054709891 | J53: =J52^2 -> 0.031500722 | K53: =K52^2 -> 0.0053716351 | L53: =L52^2 -> 0.044426905
B54: Alpha of the Active Pf | C54: aA | E54: =SUMPRODUCT(D44:J44,F52:L52) -> 0.17368026
B55: Residual Variance of Active Pf | C55: s2(eA) | E55: =SUMPRODUCT(F50:M50,F53:M53) -> 0.01257804
B56: Active Pf information ratio (APIR) | C56: aA / s2(eA) | E56: =E54/E55 -> 13.808213
B57: Index Pf information ratio (IPIR) | C57: E(RM)/s2(M) | E57: =C46/C5^2 -> 2.5074887
B58: Initial position in Active Pf (APIR/IPIR) | C58: wA(0) | E58: =E56/E57 -> 5.5067899
B59: Beta of the Active Pf | C59: bA | E59: =SUMPRODUCT(D45:K45,F52:M52) -> 1.273579
B61: Panel G. Optimal Risky Portfolios | C61: Overall Risky Pf | D61: =C43 -> ACWI | E61: Active Pf | F61: =F49 -> PWR | G61: =G49 -> ETN | H61: =H49 -> AEP | I61: =I49 -> SBGSY | J61: =J49 -> NVT | K61: =K49 -> HUBB | L61: =L49 -> MLI
B62: w*(Optimal Pf): Short not allowed | C62: 1 | D62: =C62-E62 -> 0 | E62: 1 | F62: =$E$62*F52 -> 0.13992865 | G62: =$E$62*G52 -> 0.14573511 | H62: =$E$62*H52 -> 0.018882011 | I62: =$E$62*I52 -> 0.23390145 | J62: =$E$62*J52 -> 0.17748443 | K62: =$E$62*K52 -> 0.07329144 | L62: =$E$62*L52 -> 0.21077691
B63: Beta | C63: =D63*D62+E63*E62 -> 1.273579 | D63: =1 -> 1 | E63: =SUMPRODUCT(D45:K45,F52:M52) -> 1.273579
B64: Risk Premium | C64: =D64*D62+E64*E62 -> 0.24525541 | D64: =C46 -> 0.056200006 | E64: =SUMPRODUCT(D46:K46,F52:M52) -> 0.24525541
B65: Standard Deviation | C65: =SQRT((D62+E62*E59)^2*D65^2+E62^2*E55) -> 0.2212053 | D65: =C5 -> 0.14970927 | E65: =SQRT(E59^2*C5^2+E55) -> 0.2212053
B66: Sharpe Ratio (S) | C66: =C64/C65 -> 1.108723 | D66: =D64/D65 -> 0.3753943 | E66: =E64/E65 -> 1.108723
B67: Performance Measures
B68: Treynor Measure (T) | C68: =C64/C63 -> 0.19257181 | D68: =D64/D63 -> 0.056200006 | E68: =E64/E63 -> 0.19257181
B69: Jensen Measure (a) | C69: =SUMPRODUCT($D$62*D69+$E$62*E69) -> 0.17368026 | D69: 0 | E69: =E54 -> 0.17368026
B70: Information Ratio Measure (IR) | C70: =SUMPRODUCT($D$62*D70+$E$62*E70) -> 0.85466037 | D70: 0 | E70: =(E64-D64)/E65 -> 0.85466037
B71: Overall Performance | C71: =SUMPRODUCT($D$62*D71+$E$62*E71) -> 0.24525541 | D71: =D64 -> 0.056200006 | E71: =E64 -> 0.24525541
B72: CAPM | C72: =SUMPRODUCT($D$62*D72+$E$62*E72) -> 0.12157515 | D72: =5%+$C$47*D63 -> 0.10620001 | E72: =5%+$C$47*E63 -> 0.12157515
B73: Ratio of total risk (𝜎p/𝜎m) | C73: =SUMPRODUCT($D$62*D73+$E$62*E73) -> 1.4775658 | D73: =D65/$D$65 -> 1 | E73: =E65/$D$65 -> 1.4775658
B74: CML | C74: =SUMPRODUCT($D$62*D74+$E$62*E74) -> 0.13303921 | D74: =5%+$C$47*D73 -> 0.10620001 | E74: =5%+$C$47*E73 -> 0.13303921
B75: Selectivity (%) | C75: =SUMPRODUCT($D$62*D75+$E$62*E75) -> 0.17368026 | D75: =D64+5%-D72 -> 0 | E75: =E64+5%-E72 -> 0.17368026
B76: Diversification Effect (%) | C76: =SUMPRODUCT($D$62*D76+$E$62*E76) -> -0.011464062 | D76: =D72-D74 -> 0 | E76: =E72-E74 -> -0.011464062
B77: Net Selectivity (%) | C77: =SUMPRODUCT($D$62*D77+$E$62*E77) -> 0.18514433 | D77: =D75-D76 -> 0 | E77: =E75-E76 -> 0.18514433
B78: net Risk Premium of Pf | C78: =SUMPRODUCT($D$62*D78+$E$62*E78) -> 0.071575148 | D78: =D71-D75 -> 0.056200006 | E78: =E71-E75 -> 0.071575148

Sheet Data. Securities
B2: Data. Security Index Model
B4: Panel 1. Risk & Return Parameters in the Security Index Model | Q4: Panel 2. Correlation and Covariance Matrixs in the Security Index Model
B6: Estimates annualized | E6: T-bill | F6: ACWI | G6: PWR | H6: ETN | I6: AEP | J6: SBGSY | K6: NVT | L6: HUBB | M6: MLI | N6: TLT | R6: Correl (via Index) | S6: =F6 -> ACWI | T6: =G6 -> PWR | U6: =H6 -> ETN | V6: =I6 -> AEP | W6: =J6 -> SBGSY | X6: =K6 -> NVT | Y6: =L6 -> HUBB | Z6: =M6 -> MLI
B7: Expected excess return | E7: 0.0495 | F7: =AVERAGE(E42:E100)*12 -> 0.043535933 | G7: =AVERAGE(H42:H100)*12 -> 0.37697866 | H7: =AVERAGE(M42:M100)*12 -> 0.19727203 | I7: =AVERAGE(R42:R100)*12 -> 0.057797287 | J7: =AVERAGE(W42:W100)*12 -> 0.14492738 | K7: =AVERAGE(AB42:AB100)*12 -> 0.28501098 | L7: =AVERAGE(AG42:AG100)*12 -> 0.20126189 | M7: =AVERAGE(AL42:AL100)*12 -> 0.33528933 | N7: =AVERAGE(AS42:AS100)*12 -> -0.13274896 | R7: GRID | S7: 1
B8: SD of Excess Return | E8: 0 | F8: =_xlfn.STDEV.S(E42:E100)*SQRT(12) -> 0.14970927 | G8: =_xlfn.STDEV.S(H42:H100)*SQRT(12) -> 0.31305007 | H8: =_xlfn.STDEV.S(M42:M100)*SQRT(12) -> 0.27224238 | I8: =_xlfn.STDEV.S(R42:R100)*SQRT(12) -> 0.19049373 | J8: =_xlfn.STDEV.S(W42:W100)*SQRT(12) -> 0.30688909 | K8: =_xlfn.STDEV.S(AB42:AB100)*SQRT(12) -> 0.30019722 | L8: =_xlfn.STDEV.S(AG42:AG100)*SQRT(12) -> 0.27717203 | M8: =_xlfn.STDEV.S(AL42:AL100)*SQRT(12) -> 0.30960777 | N8: =_xlfn.STDEV.S(AS42:AS100)*SQRT(12) -> 0.14724104 | R8: =T6 -> PWR | S8: =G18 -> 0.54644867 | T8: 1
B9: Sharpe Ratio | F9: =F7/F8 -> 0.29080319 | G9: =G7/G8 -> 1.204212 | H9: =H7/H8 -> 0.72461912 | I9: =I7/I8 -> 0.30340783 | J9: =J7/J8 -> 0.47224678 | K9: =K7/K8 -> 0.94941244 | L9: =L7/L8 -> 0.72612625 | M9: =M7/M8 -> 1.0829487 | N9: =N7/N8 -> -0.90157582 | R9: =U6 -> ETN | S9: =H18 -> 0.65154134 | T9: =G18*H18 -> 0.3560339 | U9: 1
B10: SD of Residuals (e) | F10: 0 | G10: =_xlfn.STDEV.S(J42:J100)*SQRT(12) -> 0.26217712 | H10: =_xlfn.STDEV.S(O42:O100)*SQRT(12) -> 0.20652664 | I10: =_xlfn.STDEV.S(T42:T100)*SQRT(12) -> 0.31664495 | J10: =_xlfn.STDEV.S(Y42:Y100)*SQRT(12) -> 0.16788975 | K10: =_xlfn.STDEV.S(AD42:AD100)*SQRT(12) -> 0.22857457 | L10: =_xlfn.STDEV.S(AI42:AI100)*SQRT(12) -> 0.36828463 | M10: =_xlfn.STDEV.S(AN42:AN100)*SQRT(12) -> 0.37877785 | R10: =V6 -> AEP | S10: =I18 -> 0.51849964 | T10: =G18*I18 -> 0.28333344 | U10: =H18*I18 -> 0.33782395 | V10: 1
B11: SD of Systematic component | F11: =F8 -> 0.14970927 | G11: =_xlfn.STDEV.S(I42:I100)*SQRT(12) -> 0.1710658 | H11: =_xlfn.STDEV.S(O42:O100)*SQRT(12) -> 0.20652664 | I11: =_xlfn.STDEV.S(S42:S100)*SQRT(12) -> 0.23612686 | J11: =_xlfn.STDEV.S(X42:X100)*SQRT(12) -> 0.25689287 | K11: =_xlfn.STDEV.S(AC42:AC100)*SQRT(12) -> 0.1946074 | L11: =_xlfn.STDEV.S(AH42:AH100)*SQRT(12) -> 0.34080459 | M11: =_xlfn.STDEV.S(AM42:AM100)*SQRT(12) -> 0.26846442 | R11: =W6 -> SBGSY | S11: =J18 -> 0.83708701 | T11: =G18*J18 -> 0.45742509 | U11: =H18*J18 -> 0.54539679 | V11: =I18*J18 -> 0.43402931 | W11: 1
B12: Covariance | F12: =F8^2 -> 0.022412865 | G12: =_xlfn.COVARIANCE.S($E$42:$E$100,H42:H100)*12 -> 0.025610135 | H12: =_xlfn.COVARIANCE.S($E$42:$E$100,M42:M100)*12 -> 0.026555005 | I12: =_xlfn.COVARIANCE.S($E$42:$E$100,R42:R100)*12 -> 0.014786923 | J12: =_xlfn.COVARIANCE.S($E$42:$E$100,W42:W100)*12 -> 0.038459244 | K12: =_xlfn.COVARIANCE.S($E$42:$E$100,AB42:AB100)*12 -> 0.029134531 | L12: =_xlfn.COVARIANCE.S($E$42:$E$100,AG42:AG100)*12 -> 0.022100174 | M12: =_xlfn.COVARIANCE.S($E$42:$E$100,AL42:AL100)*12 -> 0.023842305 | R12: =$X6 -> NVT | S12: =K18 -> 0.64826514 | T12: =G18*K18 -> 0.35424363 | U12: =H18*K18 -> 0.42237154 | V12: =I18*K18 -> 0.33612524 | W12: =J18*K18 -> 0.54265433 | X12: 1
B13: Alpha (Non-market risk premium in the index model) | F13: 0 | G13: =INTERCEPT(H42:H100,$E$42:$E$100)*12 -> 0.32723218 | H13: =INTERCEPT(M42:M100,$E$42:$E$100)*12 -> 0.14569019 | I13: =INTERCEPT(R42:R100,$E$42:$E$100)*12 -> 0.029074387 | J13: =INTERCEPT(W42:W100,$E$42:$E$100)*12 -> 0.070222118 | K13: =INTERCEPT(AB42:AB100,$E$42:$E$100)*12 -> 0.22841853 | L13: =INTERCEPT(AG42:AG100,$E$42:$E$100)*12 -> 0.15833334 | M13: =INTERCEPT(AL42:AL100,$E$42:$E$100)*12 -> 0.28897677 | R13: =Y6 -> HUBB | S13: =L18 -> 0.53259562 | T13: =$G$18*L18 -> 0.29103617 | U13: =$H$18*L18 -> 0.34700807 | V13: =$I$18*L18 -> 0.27615064 | W13: =$J$18*L18 -> 0.44582888 | X13: =$K$18*L18 -> 0.34526318 | Y13: 1
B14: Adjusted Alpha (a x avg. Market PE / Stock PE) | F14: =F13*$B$27/B27 -> 0 | G14: =G13*$B$27/G27 -> 0.1328109 | H14: =H13*$B$27/H27 -> 0.085832913 | I14: =I13*$B$27/I27 -> 0.026141522 | J14: =J13*$B$27/J27 -> 0.041201119 | K14: =K13*$B$27/K27 -> 0.099900506 | L14: =L13*$B$27/L27 -> 0.10492055 | M14: =M13*$B$27/M27 -> 0.35320904 | R14: =Z6 -> MLI | S14: =M18 -> 0.51438428 | T14: =$G$18*M18 -> 0.28108461 | U14: =$H$18*M18 -> 0.33514263 | V14: =$I$18*M18 -> 0.26670806 | W14: =$J$18*M18 -> 0.4305844 | X14: =$K$18*M18 -> 0.3334574 | Y14: =$L$18*M18 -> 0.27395882 | Z14: 1
B15: Alpha in CAPM (10 yrs market premium) | F15: 0 | G15: =(G7+$E$7-($E$7+G17*($F$7-$E$7))) -> 0.38379352 | H15: =(H7+$E$7-($E$7+H17*($F$7-$E$7))) -> 0.20433832 | I15: =(I7+$E$7-($E$7+I17*($F$7-$E$7))) -> 0.06173209 | J15: =(J7+$E$7-($E$7+J17*($F$7-$E$7))) -> 0.1551614 | K15: =(K7+$E$7-($E$7+K17*($F$7-$E$7))) -> 0.29276368 | L15: =(L7+$E$7-($E$7+L17*($F$7-$E$7))) -> 0.20714275 | M15: =(M7+$E$7-($E$7+M17*($F$7-$E$7))) -> 0.34163377
B16: Adjusted Alpha in CAPM (a x avg. Market PE / Stock PE) | F16: =F15*$B$27/F27 -> 0 | G16: =G15*$B$27/G27 -> 0.15576696 | H16: =H15*$B$27/H27 -> 0.12038528 | I16: =I15*$B$27/I27 -> 0.055504895 | J16: =J15*$B$27/J27 -> 0.091037173 | K16: =K15*$B$27/K27 -> 0.12804233 | L16: =L15*$B$27/L27 -> 0.1372644 | M16: =M15*$B$27/M27 -> 0.41757036
B17: Beta | F17: 1 | G17: =SLOPE(H42:H100,$E$42:$E$100) -> 1.1426533 | H17: =SLOPE(M42:M100,$E$42:$E$100) -> 1.1848108 | I17: =SLOPE(R42:R100,$E$42:$E$100) -> 0.65975159 | J17: =SLOPE(W42:W100,$E$42:$E$100) -> 1.715945 | K17: =SLOPE(AB42:AB100,$E$42:$E$100) -> 1.2999021 | L17: =SLOPE(AG42:AG100,$E$42:$E$100) -> 0.98604857 | M17: =SLOPE(AL42:AL100,$E$42:$E$100) -> 1.0637776 | R17: Covariance (via Index) | S17: =S6 -> ACWI | T17: =T6 -> PWR | U17: =U6 -> ETN | V17: =V6 -> AEP | W17: =W6 -> SBGSY | X17: =X6 -> NVT | Y17: =Y6 -> HUBB | Z17: =Z6 -> MLI
B18: Correlation with Index | F18: 1 | G18: =CORREL($E$42:$E$100,H$42:H$100) -> 0.54644867 | H18: =CORREL($E$42:$E$100,M$42:M$100) -> 0.65154134 | I18: =CORREL($E$42:$E$100,R$42:R$100) -> 0.51849964 | J18: =CORREL($E$42:$E$100,W$42:W$100) -> 0.83708701 | K18: =CORREL($E$42:$E$100,AB$42:AB$100) -> 0.64826514 | L18: =CORREL($E$42:$E$100,AG$42:AG$100) -> 0.53259562 | M18: =CORREL($E$42:$E$100,AL$42:AL$100) -> 0.51438428 | N18: =CORREL($E$42:$E$100,AS$42:AS$100) -> 0.64189949 | R18: GRID | S18: =F8^2 -> 0.022412865
B19: R Squared (Market Determination) | F19: 1 | G19: =G18^2 -> 0.29860615 | H19: =H18^2 -> 0.42450612 | I19: =I18^2 -> 0.26884187 | J19: =J18^2 -> 0.70071466 | K19: =K18^2 -> 0.4202477 | L19: =L18^2 -> 0.2836581 | M19: =M18^2 -> 0.26459119 | R19: =T17 -> PWR | S19: =G17*S18 -> 0.025610135 | T19: =G8^2 -> 0.098000348
B20: 1-R Squared (Firms Specific) | F20: 0 | G20: =1-G19 -> 0.70139385 | H20: =1-H19 -> 0.57549388 | I20: =1-I19 -> 0.73115813 | J20: =1-J19 -> 0.29928534 | K20: =1-K19 -> 0.5797523 | L20: =1-L19 -> 0.7163419 | M20: =1-M19 -> 0.73540881 | R20: =U17 -> ETN | S20: =$H$17*$S$18 -> 0.026555005 | T20: =$H$17*G17*$S$18 -> 0.030343166 | U20: =H8^2 -> 0.074115912
B21: Pf Style. | C21: Value / Blend / Growth | F21: Large Growth | G21: Growth | H21: Growth | I21: Value | J21: Growth | K21: Growth | L21: Growth | M21: Growth | N21: Credit (Investment / High Yield) | R21: =V17 -> AEP | S21: =$I$17*$S$18 -> 0.014786923 | T21: =$I$17*G17*$S$18 -> 0.016896328 | U21: =$I$17*H17*$S$18 -> 0.017519707 | V21: =I8^2 -> 0.03628786
C22: Small / Medium / Large | G22: Large | H22: Large | I22: Large | J22: Large | K22: Medium | L22: Large | M22: Medium | N22: Duration (longer / shorter) | R22: =W17 -> SBGSY | S22: =$J$17*$S$18 -> 0.038459244 | T22: =$J$17*$S$18*G17 -> 0.043945584 | U22: =$J$17*$S$18*H17 -> 0.045566929 | V22: =$J$17*$S$18*I17 -> 0.025373547 | W22: =J8^2 -> 0.094180915
C23: Sector (industry) | G23: Industrials | H23: Utilities | I23: Utilities | J23: Industrials | K23: Industrials | L23: Utilities | M23: Industrials | N23: Issuers (Corporate / Government) | R23: =X17 -> NVT | S23: =$K$17*$S$18 -> 0.029134531 | T23: =$K$17*$S$18*G17 -> 0.033290669 | U23: =$K$17*$S$18*H17 -> 0.034518908 | V23: =$K$17*$S$18*I17 -> 0.019221553 | W23: =$K$17*$S$18*J17 -> 0.049993253 | X23: =K8^2 -> 0.090118372
C24: Themes | G24: Tech | H24: Energy | I24: Energy | J24: AI | K24: Energy | L24: Energy | M24: Materials | N24: Inflation / close-ended / sector… | R24: =Y6 -> HUBB | S24: =$S$18*L17 -> 0.022100174 | T24: =$L$17*$S$18*G17 -> 0.025252837 | U24: =$L$17*$S$18*H17 -> 0.026184525 | V24: =$L$17*$S$18*I17 -> 0.014580625 | W24: =$L$17*$S$18*J17 -> 0.037922683 | X24: =$L$17*$S$18*K17 -> 0.028728063 | Y24: =L8^2 -> 0.076824335
B25: Stock Info. | C25: Current Stock Price (as of April 15th) | F25: 148.8 | G25: 585.36 | H25: 395 | I25: 131.5 | J25: =62.15 -> 62.15 | K25: 131.38 | L25: 526.94 | M25: 118.25 | R25: =Z17 -> MLI | S25: =$S$18*M17 -> 0.023842305 | T25: =$M$17*$S$18*G17 -> 0.027243489 | U25: =$M$17*$S$18*H17 -> 0.028248621 | V25: =$M$17*$S$18*I17 -> 0.015729998 | W25: =$M$17*$S$18*J17 -> 0.040912084 | X25: =$M$17*$S$18*K17 -> 0.030992662 | Y25: =$M$17*$S$18*L17 -> 0.02350967 | Z25: =M8^2 -> 0.095856972
C26: EPS (TTM) | G26: 10.75 | H26: 10.53 | I26: 5.35 | J26: 1.65 | K26: 2.6 | L26: 15.8 | M26: 6.54
B27: 22.1 | C27: PE Ratio (TTM) | F27: 17.12 | G27: =G25/G26 -> 54.452093 | H27: =H25/H26 -> 37.511871 | I27: =I25/I26 -> 24.579439 | J27: =J25/J26 -> 37.666667 | K27: =K25/K26 -> 50.530769 | L27: =L25/L26 -> 33.350633 | M27: =M25/M26 -> 18.08104
C28: 1y Forward Dividend ($) | G28: 0.36 | H28: 4.08 | I28: 3.8 | J28: 0.57 | K28: 0.84 | L28: 4.88 | M28: 0.8 | R28: Correl of Residuals | S28: =S6 -> ACWI | T28: =T6 -> PWR | U28: =U6 -> ETN | V28: =V6 -> AEP | W28: =W6 -> SBGSY | X28: =X6 -> NVT | Y28: =Y6 -> HUBB | Z28: =Z6 -> MLI
C29: 1y Forward Dividend Yield (%) | G29: =G28/G25 -> 0.00061500615 | H29: =H28/H25 -> 0.010329114 | I29: =I28/I25 -> 0.028897338 | J29: =J28/J25 -> 0.0091713596 | K29: =K28/K25 -> 0.0063936672 | L29: =L28/L25 -> 0.0092610164 | M29: =M28/M25 -> 0.0067653277 | R29: SPDR
C30: 1y Target Est. (Consensus) | G30: 593.3 | H30: 404.62 | I30: 136.81 | J30: 65.1 | K30: 148.31 | L30: 445.5 | M30: 142.8 | R30: =T28 -> PWR | T30: 1
C31: 1y Target return ` | G31: =G30/G25-1 -> 0.013564302 | H31: =H30/H25-1 -> 0.02435443 | I31: =I30/I25-1 -> 0.040380228 | J31: =J30/J25-1 -> 0.047465809 | K31: =K30/K25-1 -> 0.12886284 | L31: =L30/L25-1 -> -0.1545527 | M31: =M30/M25-1 -> 0.20761099 | R31: =U28 -> ETN | T31: =CORREL(J42:J100,O42:O100) -> 0.48469274 | U31: 1
B32: Active Pf Weights* (Index model) | F32: ='Security Allocation'!D62 -> 0 | G32: ='Security Allocation'!F62 -> 0.13992865 | H32: ='Security Allocation'!G62 -> 0.14573511 | I32: ='Security Allocation'!H62 -> 0.018882011 | J32: ='Security Allocation'!I62 -> 0.23390145 | K32: ='Security Allocation'!J62 -> 0.17748443 | L32: ='Security Allocation'!K62 -> 0.07329144 | M32: ='Security Allocation'!L62 -> 0.21077691 | R32: =V28 -> AEP | T32: =CORREL(J42:J100,T42:T100) -> -0.30579047 | U32: =CORREL(O42:O100,T42:T100) -> -0.7993247 | V32: 1
R33: =W28 -> SBGSY | T33: =CORREL(J42:J100,Y42:Y100) -> 0.291441 | U33: =CORREL(O42:O100,Y42:Y100) -> 0.35585521 | V33: =CORREL(T42:T100,Y42:Y100) -> -0.27909689 | W33: 1
R34: =X28 -> NVT | T34: =CORREL(J42:J100,AD42:AD100) -> 0.40668987 | U34: =CORREL(O42:O100,AD42:AD100) -> 0.61548094 | V34: =CORREL(T42:T100,AD42:AD100) -> -0.55455838 | W34: =CORREL(Y42:Y100,AD42:AD100) -> 0.11064935 | X34: 1
R35: =Y28 -> HUBB | T35: =CORREL($J$42:$J$100,AI42:AI100) -> -0.69696714 | U35: =CORREL($O$42:$O$100,AI42:AI100) -> -0.017644133 | V35: =CORREL($T$42:$T$100,AI42:AI100) -> 0.070919419 | W35: =CORREL($Y$42:$Y$100,AI42:AI100) -> -0.08761279 | X35: =CORREL($AD$42:$AD$100,AI42:AI100) -> 0.0037089588 | Y35: 1
R36: =Z28 -> MLI | T36: =CORREL($J$42:$J$100,AN42:AN100) -> -0.35025618 | U36: =CORREL($O$42:$O$100,AN42:AN100) -> -0.58850793 | V36: =CORREL($T$42:$T$100,AN42:AN100) -> 0.59472054 | W36: =CORREL($Y$42:$Y$100,AN42:AN100) -> -0.27967656 | X36: =CORREL(AD42:AD100,$AN$42:$AN$100) -> -0.23607943 | Y36: =CORREL(AI42:AI100,AN42:AN100) -> 0.36085479 | Z36: 1
B37: Panel 3. Price information. monthly rate of return and excess returns
T38: =CORREL($J$42:$J$100,AI45:AI104) -> #N/A | Y38: =CORREL(AI43:AI102,#REF!) -> #REF! | Z38: =CORREL(AJ43:AJ103,AO43:AO101) -> #N/A
B39: 60 months | C39: iShares MSCI ACWI ETF (ACWI) | F39: Quanta Services Inc (PWR) | K39: Eaton Corporation PLC (ETN) | P39: American Electric Power Co. (AEP) | U39: Schneider Electric SA (SBGSY) | Z39: nVent Electric PLC (NVT) | AE39: Hubbell Inc (HUBB) | AJ39: Mueller Industries Inc (MLI) | AO39: Equity Pf | AQ39: Bond Pf (TLT) | AU39: Benchmark Check
B40: Dates | C40: Prices | D40: Monthly rate | E40: Benchmark Exces return | F40: Prices | G40: Monthly rate | H40: Exces return | I40: Mkt Prem. Systematic component | J40: Residuals. Unsystematic component | K40: Prices | L40: Monthly rate | M40: Exces return | N40: Mkt Prem. Systematic component | O40: Residuals. Unsystematic component | P40: Prices | Q40: Monthly rate | R40: Exces return | S40: Mkt Prem. Systematic component | T40: Residuals. Unsystematic component | U40: Prices | V40: Monthly rate | W40: Exces return | X40: Mkt Prem. Systematic component | Y40: Residuals. Unsystematic component | Z40: Prices | AA40: Monthly rate | AB40: Exces return | AC40: Mkt Prem. Systematic component | AD40: Residuals. Unsystematic component | AE40: Prices | AF40: Monthly rate | AG40: Exces return | AH40: Mkt Prem. Systematic component | AI40: Residuals. Unsystematic component | AJ40: Prices | AK40: Monthly rate | AL40: Exces return | AM40: Mkt Prem. Systematic component | AN40: Residuals. Unsystematic component | AO40: Adjusted Price of Equity Pf (Back data) | AP40: Active Pf Exces return (Back data) | AQ40: Prices | AR40: Monthly rate | AS40: Exces return | AU40: Active Pf Excess Retun - Benchmark (Back Data)
B41: 44317 | C41: 100.65 | F41: 95.35 | K41: 145.25 | P41: 86 | U41: 31.74 | Z41: 32.54 | AE41: 190.64 | AJ41: 23.22 | AO41: =C41 -> 100.65 | AQ41: 138.44
B42: 44348 | C42: 101.19 | D42: =C42/C41-1 -> 0.0053651267 | E42: =D42-$E$7/12 -> 0.0012401267 | F42: 90.57 | G42: =F42/F41-1 -> -0.050131096 | H42: =G42-$E$7/12 -> -0.054256096 | I42: =$G$17*E42 -> 0.0014170349 | J42: =H42-$G$13/12-I42 -> -0.082942479 | K42: 148.18 | L42: =K42/K41-1 -> 0.020172117 | M42: =L42-$E$7/12 -> 0.016047117 | N42: =$H$17*E42 -> 0.0014693155 | O42: =M42-$G$13/12-N42 -> -0.012691547 | P42: 84.59 | Q42: =P42/P41-1 -> -0.016395349 | R42: =Q42-$E$7/12 -> -0.020520349 | S42: =$I$17*E42 -> 0.00081817555 | T42: =R42-$I$13/12-S42 -> -0.02376139 | U42: 31.59 | V42: =U42/U41-1 -> -0.0047258979 | W42: =V42-$E$7/12 -> -0.0088508979 | X42: =$J$17*E42 -> 0.0021279892 | Y42: =W42-$J$13/12-X42 -> -0.01683073 | Z42: 31.24 | AA42: =Z42/Z41-1 -> -0.03995083 | AB42: =AA42-$E$7/12 -> -0.04407583 | AC42: =$K$17*E42 -> 0.0016120433 | AD42: =AB42-$K$13/12-AC42 -> -0.06472275 | AE42: 186.84 | AF42: =AE42/AE41-1 -> -0.019932858 | AG42: =AF42-$E$7/12 -> -0.024057858 | AH42: =$K$17*J42 -> -0.1078171 | AI42: =AG42-$K$13/12-AH42 -> 0.06472437 | AJ42: 21.66 | AK42: =AJ42/AJ41-1 -> -0.067183463 | AL42: =AK42-$E$7/12 -> -0.071308463 | AM42: =$K$17*O42 -> -0.016497769 | AN42: =AL42-$K$13/12-AM42 -> -0.073845571 | AO42: =AO41*(1+AP42) -> 97.396263 | AP42: =$F$32*E42+$G$32*H42+$H$32*M42+$I$32*R42+$J$32*W42+$K$32*AB42+$L$32*AG42+$M$32*AL42 -> -0.032327243 | AQ42: 144.35 | AR42: =AQ42/AQ41-1 -> 0.042689974 | AS42: =AR42-$E$7/12 -> 0.038564974 | AU42: =AP42-E42 -> -0.03356737
B43: 44378 | C43: 102.11 | D43: =C43/C42-1 -> 0.0090918075 | E43: =D43-$E$7/12 -> 0.0049668075 | F43: 90.9 | G43: =F43/F42-1 -> 0.0036435906 | H43: =G43-$E$7/12 -> -0.00048140941 | I43: =$G$17*E43 -> 0.0056753392 | J43: =H43-$G$13/12-I43 -> -0.033426097 | K43: 158.05 | L43: =K43/K42-1 -> 0.066608179 | M43: =L43-$E$7/12 -> 0.062483179 | N43: =$H$17*E43 -> 0.0058847273 | O43: =M43-$G$13/12-N43 -> 0.029329103 | P43: 88.12 | Q43: =P43/P42-1 -> 0.041730701 | R43: =Q43-$E$7/12 -> 0.037605701 | S43: =$G$17*O43 -> 0.033512998 | T43: =R43-$I$13/12-S43 -> 0.0016698373 | U43: 33.51 | V43: =U43/U42-1 -> 0.060778727 | W43: =V43-$E$7/12 -> 0.056653727 | X43: =$J$17*E43 -> 0.0085227685 | Y43: =W43-$J$13/12-X43 -> 0.042279116 | Z43: 31.61 | AA43: =Z43/Z42-1 -> 0.01184379 | AB43: =AA43-$E$7/12 -> 0.00771879 | AC43: =$K$17*E43 -> 0.0064563636 | AD43: =AB43-$K$13/12-AC43 -> -0.017772451 | AE43: 200.46 | AF43: =AE43/AE42-1 -> 0.072896596 | AG43: =AF43-$E$7/12 -> 0.068771596 | AH43: =$K$17*J43 -> -0.043450654 | AI43: =AG43-$K$13/12-AH43 -> 0.093187373 | AJ43: 21.7 | AK43: =AJ43/AJ42-1 -> 0.0018467221 | AL43: =AK43-$E$7/12 -> -0.0022782779 | AM43: =$K$17*O43 -> 0.038124964 | AN43: =AL43-$K$13/12-AM43 -> -0.059438119 | AO43: =AO42*(1+AP43) -> 100.21396 | AP43: =$F$32*E43+$G$32*H43+$H$32*M43+$I$32*R43+$J$32*W43+$K$32*AB43+$L$32*AG43+$M$32*AL43 -> 0.028930216 | AQ43: 149.52 | AR43: =AQ43/AQ42-1 -> 0.035815726 | AS43: =AR43-$E$7/12 -> 0.031690726 | AU43: =AP43-E43 -> 0.023963409
B44: 44409 | C44: 104.33 | D44: =C44/C43-1 -> 0.021741259 | E44: =D44-$E$7/12 -> 0.017616259 | F44: 102.1 | G44: =F44/F43-1 -> 0.12321232 | H44: =G44-$E$7/12 -> 0.11908732 | I44: =$G$17*E44 -> 0.020129278 | J44: =H44-$G$13/12-I44 -> 0.071688695 | K44: 168.36 | L44: =K44/K43-1 -> 0.065232521 | M44: =L44-$E$7/12 -> 0.061107521 | N44: =$H$17*E44 -> 0.020871935 | O44: =M44-$G$13/12-N44 -> 0.012966238 | P44: 89.57 | Q44: =P44/P43-1 -> 0.016454834 | R44: =Q44-$E$7/12 -> 0.012329834 | S44: =$G$17*O44 -> 0.014815915 | T44: =R44-$I$13/12-S44 -> -0.0049089462 | U44: 35.66 | V44: =U44/U43-1 -> 0.064159952 | W44: =V44-$E$7/12 -> 0.060034952 | X44: =$J$17*E44 -> 0.030228532 | Y44: =W44-$J$13/12-X44 -> 0.023954577 | Z44: 34.36 | AA44: =Z44/Z43-1 -> 0.086997786 | AB44: =AA44-$E$7/12 -> 0.082872786 | AC44: =$K$17*E44 -> 0.022899413 | AD44: =AB44-$K$13/12-AC44 -> 0.040938495 | AE44: 206.11 | AF44: =AE44/AE43-1 -> 0.028185174 | AG44: =AF44-$E$7/12 -> 0.024060174 | AH44: =$K$17*J44 -> 0.093188286 | AI44: =AG44-$K$13/12-AH44 -> -0.08816299 | AJ44: 22.31 | AK44: =AJ44/AJ43-1 -> 0.028110599 | AL44: =AK44-$E$7/12 -> 0.023985599 | AM44: =$K$17*O44 -> 0.01685484 | AN44: =AL44-$K$13/12-AM44 -> -0.011904118 | AO44: =AO43*(1+AP44) -> 106.36428 | AP44: =$F$32*E44+$G$32*H44+$H$32*M44+$I$32*R44+$J$32*W44+$K$32*AB44+$L$32*AG44+$M$32*AL44 -> 0.061371958 | AQ44: 148.83 | AR44: =AQ44/AQ43-1 -> -0.0046147673 | AS44: =AR44-$E$7/12 -> -0.0087397673 | AU44: =AP44-E44 -> 0.043755699
B45: 44440 | C45: 99.92 | D45: =C45/C44-1 -> -0.042269721 | E45: =D45-$E$7/12 -> -0.046394721 | F45: 113.82 | G45: =F45/F44-1 -> 0.11478942 | H45: =G45-$E$7/12 -> 0.11066442 | I45: =$G$17*E45 -> -0.053013083 | J45: =H45-$G$13/12-I45 -> 0.13640816 | K45: 149.31 | L45: =K45/K44-1 -> -0.11315039 | M45: =L45-$E$7/12 -> -0.11727539 | N45: =$H$17*E45 -> -0.054968968 | O45: =M45-$G$13/12-N45 -> -0.089575772 | P45: 81.18 | Q45: =P45/P44-1 -> -0.093669755 | R45: =Q45-$E$7/12 -> -0.097794755 | S45: =$G$17*O45 -> -0.10235406 | T45: =R45-$I$13/12-S45 -> 0.002136435 | U45: 33.224 | V45: =U45/U44-1 -> -0.068311834 | W45: =V45-$E$7/12 -> -0.072436834 | X45: =$J$17*E45 -> -0.07961079 | Y45: =W45-$J$13/12-X45 -> 0.0013221127 | Z45: 32.33 | AA45: =Z45/Z44-1 -> -0.059080326 | AB45: =AA45-$E$7/12 -> -0.063205326 | AC45: =$K$17*E45 -> -0.060308596 | AD45: =AB45-$K$13/12-AC45 -> -0.021931607 | AE45: 180.67 | AF45: =AE45/AE44-1 -> -0.12342924 | AG45: =AF45-$E$7/12 -> -0.12755424 | AH45: =$K$17*J45 -> 0.17731725 | AI45: =AG45-$K$13/12-AH45 -> -0.32390637 | AJ45: 20.55 | AK45: =AJ45/AJ44-1 -> -0.078888391 | AL45: =AK45-$E$7/12 -> -0.083013391 | AM45: =$K$17*O45 -> -0.11643974 | AN45: =AL45-$K$13/12-AM45 -> 0.014391468 | AO45: =AO44*(1+AP45) -> 100.14628 | AP45: =$F$32*E45+$G$32*H45+$H$32*M45+$I$32*R45+$J$32*W45+$K$32*AB45+$L$32*AG45+$M$32*AL45 -> -0.058459562 | AQ45: 144.32 | AR45: =AQ45/AQ44-1 -> -0.03030303 | AS45: =AR45-$E$7/12 -> -0.03442803 | AU45: =AP45-E45 -> -0.012064841
B46: 44470 | C46: 105.31 | D46: =C46/C45-1 -> 0.053943155 | E46: =D46-$E$7/12 -> 0.049818155 | F46: 121.28 | G46: =F46/F45-1 -> 0.065542084 | H46: =G46-$E$7/12 -> 0.061417084 | I46: =$G$17*E46 -> 0.056924881 | J46: =H46-$G$13/12-I46 -> -0.022777146 | K46: 164.76 | L46: =K46/K45-1 -> 0.10347599 | M46: =L46-$E$7/12 -> 0.09935099 | N46: =$H$17*E46 -> 0.059025089 | O46: =M46-$G$13/12-N46 -> 0.013056552 | P46: 84.71 | Q46: =P46/P45-1 -> 0.043483617 | R46: =Q46-$E$7/12 -> 0.039358617 | S46: =$G$17*O46 -> 0.014919112 | T46: =R46-$I$13/12-S46 -> 0.022016639 | U46: 34.49 | V46: =U46/U45-1 -> 0.038104984 | W46: =V46-$E$7/12 -> 0.033979984 | X46: =$J$17*E46 -> 0.085485213 | Y46: =W46-$J$13/12-X46 -> -0.057357072 | Z46: 35.45 | AA46: =Z46/Z45-1 -> 0.096504794 | AB46: =AA46-$E$7/12 -> 0.092379794 | AC46: =$K$17*E46 -> 0.064758725 | AD46: =AB46-$K$13/12-AC46 -> 0.0085861925 | AE46: 199.37 | AF46: =AE46/AE45-1 -> 0.10350363 | AG46: =AF46-$E$7/12 -> 0.099378625 | AH46: =$K$17*J46 -> -0.02960806 | AI46: =AG46-$K$13/12-AH46 -> 0.10995181 | AJ46: 26.32 | AK46: =AJ46/AJ45-1 -> 0.28077859 | AL46: =AK46-$E$7/12 -> 0.27665359 | AM46: =$K$17*O46 -> 0.016972239 | AN46: =AL46-$K$13/12-AM46 -> 0.24064647 | AO46: =AO45*(1+AP46) -> 111.5385 | AP46: =$F$32*E46+$G$32*H46+$H$32*M46+$I$32*R46+$J$32*W46+$K$32*AB46+$L$32*AG46+$M$32*AL46 -> 0.11375584 | AQ46: 147.69 | AR46: =AQ46/AQ45-1 -> 0.023350887 | AS46: =AR46-$E$7/12 -> 0.019225887 | AU46: =AP46-E46 -> 0.063937686
B47: 44501 | C47: 102.88 | D47: =C47/C46-1 -> -0.023074732 | E47: =D47-$E$7/12 -> -0.027199732 | F47: 113.78 | G47: =F47/F46-1 -> -0.061840369 | H47: =G47-$E$7/12 -> -0.065965369 | I47: =$G$17*E47 -> -0.031079865 | J47: =H47-$G$13/12-I47 -> -0.062154853 | K47: 162.06 | L47: =K47/K46-1 -> -0.016387473 | M47: =L47-$E$7/12 -> -0.020512473 | N47: =$H$17*E47 -> -0.032226537 | O47: =M47-$G$13/12-N47 -> -0.015555284 | P47: 81.05 | Q47: =P47/P46-1 -> -0.043206233 | R47: =Q47-$E$7/12 -> -0.047331233 | S47: =$G$17*O47 -> -0.017774298 | T47: =R47-$I$13/12-S47 -> -0.031979801 | U47: 35.54 | V47: =U47/U46-1 -> 0.030443607 | W47: =V47-$E$7/12 -> 0.026318607 | X47: =$J$17*E47 -> -0.046673244 | Y47: =W47-$J$13/12-X47 -> 0.067140007 | Z47: 34.83 | AA47: =Z47/Z46-1 -> -0.017489422 | AB47: =AA47-$E$7/12 -> -0.021614422 | AC47: =$K$17*E47 -> -0.035356989 | AD47: =AB47-$K$13/12-AC47 -> -0.00529231 | AE47: 195.7 | AF47: =AE47/AE46-1 -> -0.018407985 | AG47: =AF47-$E$7/12 -> -0.022532985 | AH47: =$K$17*J47 -> -0.080795226 | AI47: =AG47-$K$13/12-AH47 -> 0.039227363 | AJ47: 27.67 | AK47: =AJ47/AJ46-1 -> 0.051291793 | AL47: =AK47-$E$7/12 -> 0.047166793 | AM47: =$K$17*O47 -> -0.020220347 | AN47: =AL47-$K$13/12-AM47 -> 0.048352263 | AO47: =AO46*(1+AP47) -> 111.25925 | AP47: =$F$32*E47+$G$32*H47+$H$32*M47+$I$32*R47+$J$32*W47+$K$32*AB47+$L$32*AG47+$M$32*AL47 -> -0.0025036083 | AQ47: 151.59 | AR47: =AQ47/AQ46-1 -> 0.026406663 | AS47: =AR47-$E$7/12 -> 0.022281663 | AU47: =AP47-E47 -> 0.024696123
B48: 44531 | C48: 105.78 | D48: =C48/C47-1 -> 0.02818818 | E48: =D48-$E$7/12 -> 0.02406318 | F48: 114.66 | G48: =F48/F47-1 -> 0.0077342239 | H48: =G48-$E$7/12 -> 0.0036092239 | I48: =$G$17*E48 -> 0.027495874 | J48: =H48-$G$13/12-I48 -> -0.051155998 | K48: 172.82 | L48: =K48/K47-1 -> 0.066395162 | M48: =L48-$E$7/12 -> 0.062270162 | N48: =$H$17*E48 -> 0.028510317 | O48: =M48-$G$13/12-N48 -> 0.0064904968 | P48: 88.97 | Q48: =P48/P47-1 -> 0.097717458 | R48: =Q48-$E$7/12 -> 0.093592458 | S48: =$G$17*O48 -> 0.0074163879 | T48: =R48-$I$13/12-S48 -> 0.083753205 | U48: 39.21 | V48: =U48/U47-1 -> 0.10326393 | W48: =V48-$E$7/12 -> 0.099138928 | X48: =$J$17*E48 -> 0.041291094 | Y48: =W48-$J$13/12-X48 -> 0.051995991 | Z48: 38 | AA48: =Z48/Z47-1 -> 0.091013494 | AB48: =AA48-$E$7/12 -> 0.086888494 | AC48: =$K$17*E48 -> 0.031279779 | AD48: =AB48-$K$13/12-AC48 -> 0.036573838 | AE48: 208.27 | AF48: =AE48/AE47-1 -> 0.064230966 | AG48: =AF48-$E$7/12 -> 0.060105966 | AH48: =$K$17*J48 -> -0.066497791 | AI48: =AG48-$K$13/12-AH48 -> 0.10756888 | AJ48: 29.68 | AK48: =AJ48/AJ47-1 -> 0.07264185 | AL48: =AK48-$E$7/12 -> 0.06851685 | AM48: =$K$17*O48 -> 0.0084370106 | AN48: =AL48-$K$13/12-AM48 -> 0.041044963 | AO48: =AO47*(1+AP48) -> 118.91437 | AP48: =$F$32*E48+$G$32*H48+$H$32*M48+$I$32*R48+$J$32*W48+$K$32*AB48+$L$32*AG48+$M$32*AL48 -> 0.068804313 | AQ48: 148.19 | AR48: =AQ48/AQ47-1 -> -0.02242892 | AS48: =AR48-$E$7/12 -> -0.02655392 | AU48: =AP48-E48 -> 0.044741133
B49: 44562 | C49: 100.97 | D49: =C49/C48-1 -> -0.045471734 | E49: =D49-$E$7/12 -> -0.049596734 | F49: 102.72 | G49: =F49/F48-1 -> -0.10413396 | H49: =G49-$E$7/12 -> -0.10825896 | I49: =$G$17*E49 -> -0.056671874 | J49: =H49-$G$13/12-I49 -> -0.078856436 | K49: 158.43 | L49: =K49/K48-1 -> -0.083265826 | M49: =L49-$E$7/12 -> -0.087390826 | N49: =$H$17*E49 -> -0.058762748 | O49: =M49-$G$13/12-N49 -> -0.055897427 | P49: 90.4 | Q49: =P49/P48-1 -> 0.016072834 | R49: =Q49-$E$7/12 -> 0.011947834 | S49: =$G$17*O49 -> -0.063871382 | T49: =R49-$I$13/12-S49 -> 0.07339635 | U49: 33.68 | V49: =U49/U48-1 -> -0.14103545 | W49: =V49-$E$7/12 -> -0.14516045 | X49: =$J$17*E49 -> -0.085105268 | Y49: =W49-$J$13/12-X49 -> -0.065907026 | Z49: 34.59 | AA49: =Z49/Z48-1 -> -0.089736842 | AB49: =AA49-$E$7/12 -> -0.093861842 | AC49: =$K$17*E49 -> -0.064470899 | AD49: =AB49-$K$13/12-AC49 -> -0.04842582 | AE49: 187.29 | AF49: =AE49/AE48-1 -> -0.10073462 | AG49: =AF49-$E$7/12 -> -0.10485962 | AH49: =$K$17*J49 -> -0.10250565 | AI49: =AG49-$K$13/12-AH49 -> -0.021388853 | AJ49: 25.83 | AK49: =AJ49/AJ48-1 -> -0.12971698 | AL49: =AK49-$E$7/12 -> -0.13384198 | AM49: =$K$17*O49 -> -0.072661183 | AN49: =AL49-$K$13/12-AM49 -> -0.080215675 | AO49: =AO48*(1+AP49) -> 105.33825 | AP49: =$F$32*E49+$G$32*H49+$H$32*M49+$I$32*R49+$J$32*W49+$K$32*AB49+$L$32*AG49+$M$32*AL49 -> -0.11416721 | AQ49: 142.39 | AR49: =AQ49/AQ48-1 -> -0.039138943 | AS49: =AR49-$E$7/12 -> -0.043263943 | AU49: =AP49-E49 -> -0.064570476
B50: 44593 | C50: 97.88 | D50: =C50/C49-1 -> -0.030603149 | E50: =D50-$E$7/12 -> -0.034728149 | F50: 108.94 | G50: =F50/F49-1 -> 0.06055296 | H50: =G50-$E$7/12 -> 0.05642796 | I50: =$G$17*E50 -> -0.039682236 | J50: =H50-$G$13/12-I50 -> 0.068840847 | K50: 154.29 | L50: =K50/K49-1 -> -0.026131415 | M50: =L50-$E$7/12 -> -0.030256415 | N50: =$H$17*E50 -> -0.041146288 | O50: =M50-$G$13/12-N50 -> -0.016379475 | P50: 90.65 | Q50: =P50/P49-1 -> 0.0027654867 | R50: =Q50-$E$7/12 -> -0.0013595133 | S50: =$G$17*O50 -> -0.018716062 | T50: =R50-$I$13/12-S50 -> 0.014933683 | U50: 30.72 | V50: =U50/U49-1 -> -0.087885986 | W50: =V50-$E$7/12 -> -0.092010986 | X50: =$J$17*E50 -> -0.059591595 | Y50: =W50-$J$13/12-X50 -> -0.038271234 | Z50: 33.93 | AA50: =Z50/Z49-1 -> -0.019080659 | AB50: =AA50-$E$7/12 -> -0.023205659 | AC50: =$K$17*E50 -> -0.045143195 | AD50: =AB50-$K$13/12-AC50 -> 0.0029026587 | AE50: 178.25 | AF50: =AE50/AE49-1 -> -0.048267393 | AG50: =AF50-$E$7/12 -> -0.052392393 | AH50: =$K$17*J50 -> 0.089486363 | AI50: =AG50-$K$13/12-AH50 -> -0.16091363 | AJ50: 28.52 | AK50: =AJ50/AJ49-1 -> 0.10414247 | AL50: =AK50-$E$7/12 -> 0.10001747 | AM50: =$K$17*O50 -> -0.021291714 | AN50: =AL50-$K$13/12-AM50 -> 0.10227431 | AO50: =AO49*(1+AP50) -> 104.8181 | AP50: =$F$32*E50+$G$32*H50+$H$32*M50+$I$32*R50+$J$32*W50+$K$32*AB50+$L$32*AG50+$M$32*AL50 -> -0.0049378914 | AQ50: 139.87 | AR50: =AQ50/AQ49-1 -> -0.017697872 | AS50: =AR50-$E$7/12 -> -0.021822872 | AU50: =AP50-E50 -> 0.029790258
B51: 44621 | C51: 99.78 | D51: =C51/C50-1 -> 0.019411524 | E51: =D51-$E$7/12 -> 0.015286524 | F51: 131.61 | G51: =F51/F50-1 -> 0.2080962 | H51: =G51-$E$7/12 -> 0.2039712 | I51: =$G$17*E51 -> 0.017467198 | J51: =H51-$G$13/12-I51 -> 0.15923465 | K51: 151.76 | L51: =K51/K50-1 -> -0.016397693 | M51: =L51-$E$7/12 -> -0.020522693 | N51: =$H$17*E51 -> 0.01811164 | O51: =M51-$G$13/12-N51 -> -0.065903681 | P51: 99.77 | Q51: =P51/P50-1 -> 0.10060673 | R51: =Q51-$E$7/12 -> 0.096481729 | S51: =$G$17*O51 -> -0.075305062 | T51: =R51-$I$13/12-S51 -> 0.16936393 | U51: 33.78 | V51: =U51/U50-1 -> 0.099609375 | W51: =V51-$E$7/12 -> 0.095484375 | X51: =$J$17*E51 -> 0.026230835 | Y51: =W51-$J$13/12-X51 -> 0.063401697 | Z51: 34.78 | AA51: =Z51/Z50-1 -> 0.025051577 | AB51: =AA51-$E$7/12 -> 0.020926577 | AC51: =$K$17*E51 -> 0.019870985 | AD51: =AB51-$K$13/12-AC51 -> -0.017979286 | AE51: 183.77 | AF51: =AE51/AE50-1 -> 0.030967742 | AG51: =AF51-$E$7/12 -> 0.026842742 | AH51: =$K$17*J51 -> 0.20698946 | AI51: =AG51-$K$13/12-AH51 -> -0.1991816 | AJ51: 27.08 | AK51: =AJ51/AJ50-1 -> -0.050490884 | AL51: =AK51-$E$7/12 -> -0.054615884 | AM51: =$K$17*O51 -> -0.085668334 | AN51: =AL51-$K$13/12-AM51 -> 0.012017574 | AO51: =AO50*(1+AP51) -> 109.41709 | AP51: =$F$32*E51+$G$32*H51+$H$32*M51+$I$32*R51+$J$32*W51+$K$32*AB51+$L$32*AG51+$M$32*AL51 -> 0.043875959 | AQ51: 132.08 | AR51: =AQ51/AQ50-1 -> -0.055694574 | AS51: =AR51-$E$7/12 -> -0.059819574 | AU51: =AP51-E51 -> 0.028589434
B52: 44652 | C52: 91.73 | D52: =C52/C51-1 -> -0.08067749 | E52: =D52-$E$7/12 -> -0.08480249 | F52: 115.98 | G52: =F52/F51-1 -> -0.11875997 | H52: =G52-$E$7/12 -> -0.12288497 | I52: =$G$17*E52 -> -0.09689985 | J52: =H52-$G$13/12-I52 -> -0.053254471 | K52: 145.02 | L52: =K52/K51-1 -> -0.04441223 | M52: =L52-$E$7/12 -> -0.04853723 | N52: =$H$17*E52 -> -0.10047491 | O52: =M52-$G$13/12-N52 -> 0.024668331 | P52: 99.11 | Q52: =P52/P51-1 -> -0.006615215 | R52: =Q52-$E$7/12 -> -0.010740215 | S52: =$G$17*O52 -> 0.028187352 | T52: =R52-$I$13/12-S52 -> -0.041350432 | U52: 28.47 | V52: =U52/U51-1 -> -0.15719361 | W52: =V52-$E$7/12 -> -0.16131861 | X52: =$J$17*E52 -> -0.14551641 | Y52: =W52-$J$13/12-X52 -> -0.021654039 | Z52: 33.78 | AA52: =Z52/Z51-1 -> -0.028752156 | AB52: =AA52-$E$7/12 -> -0.032877156 | AC52: =$K$17*E52 -> -0.11023494 | AD52: =AB52-$K$13/12-AC52 -> 0.058322903 | AE52: 195.36 | AF52: =AE52/AE51-1 -> 0.063067965 | AG52: =AF52-$E$7/12 -> 0.058942965 | AH52: =$K$17*J52 -> -0.0692256 | AI52: =AG52-$K$13/12-AH52 -> 0.10913369 | AJ52: 27.08 | AK52: =AJ52/AJ51-1 -> 0 | AL52: =AK52-$E$7/12 -> -0.004125 | AM52: =$K$17*O52 -> 0.032066416 | AN52: =AL52-$K$13/12-AM52 -> -0.055226294 | AO52: =AO51*(1+AP52) -> 102.34997 | AP52: =$F$32*E52+$G$32*H52+$H$32*M52+$I$32*R52+$J$32*W52+$K$32*AB52+$L$32*AG52+$M$32*AL52 -> -0.064588784 | AQ52: 119.45 | AR52: =AQ52/AQ51-1 -> -0.095623864 | AS52: =AR52-$E$7/12 -> -0.099748864 | AU52: =AP52-E52 -> 0.020213707
B53: 44682 | C53: 92.14 | D53: =C53/C52-1 -> 0.0044696392 | E53: =D53-$E$7/12 -> 0.00034463916 | F53: 119 | G53: =F53/F52-1 -> 0.026038972 | H53: =G53-$E$7/12 -> 0.021913972 | I53: =$G$17*E53 -> 0.00039380309 | J53: =H53-$G$13/12-I53 -> -0.0057491794 | K53: 138.6 | L53: =K53/K52-1 -> -0.044269756 | M53: =L53-$E$7/12 -> -0.048394756 | N53: =$H$17*E53 -> 0.00040833221 | O53: =M53-$G$13/12-N53 -> -0.076072437 | P53: 102.03 | Q53: =P53/P52-1 -> 0.029462214 | R53: =Q53-$E$7/12 -> 0.025337214 | S53: =$G$17*O53 -> -0.086924424 | T53: =R53-$I$13/12-S53 -> 0.10983877 | U53: 27.71 | V53: =U53/U52-1 -> -0.026694766 | W53: =V53-$E$7/12 -> -0.030819766 | X53: =$J$17*E53 -> 0.00059138184 | Y53: =W53-$J$13/12-X53 -> -0.037262991 | Z53: 35.4 | AA53: =Z53/Z52-1 -> 0.047957371 | AB53: =AA53-$E$7/12 -> 0.043832371 | AC53: =$K$17*E53 -> 0.00044799717 | AD53: =AB53-$K$13/12-AC53 -> 0.024349497 | AE53: 189.86 | AF53: =AE53/AE52-1 -> -0.028153153 | AG53: =AF53-$E$7/12 -> -0.032278153 | AH53: =$K$17*J53 -> -0.0074733704 | AI53: =AG53-$K$13/12-AH53 -> -0.04383966 | AJ53: 26.92 | AK53: =AJ53/AJ52-1 -> -0.0059084195 | AL53: =AK53-$E$7/12 -> -0.010033419 | AM53: =$K$17*O53 -> -0.098886722 | AN53: =AL53-$K$13/12-AM53 -> 0.069818425 | AO53: =AO52*(1+AP53) -> 101.59077 | AP53: =$F$32*E53+$G$32*H53+$H$32*M53+$I$32*R53+$J$32*W53+$K$32*AB53+$L$32*AG53+$M$32*AL53 -> -0.0074177553 | AQ53: 116.56 | AR53: =AQ53/AQ52-1 -> -0.024194224 | AS53: =AR53-$E$7/12 -> -0.028319224 | AU53: =AP53-E53 -> -0.0077623945
B54: 44713 | C54: 83.89 | D54: =C54/C53-1 -> -0.08953766 | E54: =D54-$E$7/12 -> -0.09366266 | F54: 125.34 | G54: =F54/F53-1 -> 0.053277311 | H54: =G54-$E$7/12 -> 0.049152311 | I54: =$G$17*E54 -> -0.10702395 | J54: =H54-$G$13/12-I54 -> 0.12890691 | K54: 125.99 | L54: =K54/K53-1 -> -0.090981241 | M54: =L54-$E$7/12 -> -0.095106241 | N54: =$H$17*E54 -> -0.11097253 | O54: =M54-$G$13/12-N54 -> -0.011403055 | P54: 95.94 | Q54: =P54/P53-1 -> -0.059688327 | R54: =Q54-$E$7/12 -> -0.063813327 | S54: =$G$17*O54 -> -0.013029739 | T54: =R54-$I$13/12-S54 -> -0.053206454 | U54: 23.59 | V54: =U54/U53-1 -> -0.14868279 | W54: =V54-$E$7/12 -> -0.15280779 | X54: =$J$17*E54 -> -0.16071997 | Y54: =W54-$J$13/12-X54 -> 0.0020603445 | Z54: 31.33 | AA54: =Z54/Z53-1 -> -0.11497175 | AB54: =AA54-$E$7/12 -> -0.11909675 | AC54: =$K$17*E54 -> -0.12175229 | AD54: =AB54-$K$13/12-AC54 -> -0.016379338 | AE54: 178.58 | AF54: =AE54/AE53-1 -> -0.059412198 | AG54: =AF54-$E$7/12 -> -0.063537198 | AH54: =$K$17*J54 -> 0.16756637 | AI54: =AG54-$K$13/12-AH54 -> -0.25013845 | AJ54: 26.65 | AK54: =AJ54/AJ53-1 -> -0.010029718 | AL54: =AK54-$E$7/12 -> -0.014154718 | AM54: =$K$17*O54 -> -0.014822855 | AN54: =AL54-$K$13/12-AM54 -> -0.01836674 | AO54: =AO53*(1+AP54) -> 94.204364 | AP54: =$F$32*E54+$G$32*H54+$H$32*M54+$I$32*R54+$J$32*W54+$K$32*AB54+$L$32*AG54+$M$32*AL54 -> -0.072707428 | AQ54: 114.87 | AR54: =AQ54/AQ53-1 -> -0.01449897 | AS54: =AR54-$E$7/12 -> -0.01862397 | AU54: =AP54-E54 -> 0.020955232
... B100: 46113 | C100: 150.41 | D100: =C100/C99-1 -> 0.087013081 | E100: =D100-$E$7/12 -> 0.082888081 | F100: 598.14 | G100: =F100/F99-1 -> 0.089468508 | H100: =G100-$E$7/12 -> 0.085343508 | I100: =$G$17*E100 -> 0.094712343 | J100: =H100-$G$13/12-I100 -> -0.036638184 | K100: 406.19 | L100: =K100/K99-1 -> 0.13565577 | M100: =L100-$E$7/12 -> 0.13153077 | N100: =$H$17*E100 -> 0.098206697 | O100: =M100-$G$13/12-N100 -> 0.006054727 | P100: 133.28 | Q100: =P100/P99-1 -> 0.016783644 | R100: =Q100-$E$7/12 -> 0.012658644 | S100: =$G$17*O100 -> 0.0069184541 | T100: =R100-$I$13/12-S100 -> 0.0033173239 | U100: 65.68 | V100: =U100/U99-1 -> 0.20668749 | W100: =V100-$E$7/12 -> 0.20256249 | X100: =$J$17*E100 -> 0.14223139 | Y100: =W100-$J$13/12-X100 -> 0.054479257 | Z100: 134 | AA100: =Z100/Z99-1 -> 0.13290497 | AB100: =AA100-$E$7/12 -> 0.12877997 | AC100: =$K$17*E100 -> 0.10774639 | AD100: =AB100-$K$13/12-AC100 -> 0.0019987021 | AE100: 539.33 | AF100: =AE100/AE99-1 -> 0.099013734 | AG100: =AF100-$E$7/12 -> 0.094888734 | AH100: =$K$17*J100 -> -0.047626053 | AI100: =AG100-$K$13/12-AH100 -> 0.12347991 | AJ100: 120.9 | AK100: =AJ100/AJ99-1 -> 0.091155235 | AL100: =AK100-$E$7/12 -> 0.087030235 | AM100: =$K$17*O100 -> 0.0078705525 | AN100: =AL100-$K$13/12-AM100 -> 0.060124805 | AO100: =AO99*(1+AP100) -> 302.12512 | AP100: =$F$32*E100+$G$32*H100+$H$32*M100+$I$32*R100+$J$32*W100+$K$32*AB100+$L$32*AG100+$M$32*AL100 -> 0.12688427 | AQ100: 87.07 | AR100: =AQ100/AQ99-1 -> 0.0043834352 | AS100: =AR100-$E$7/12 -> 0.00025843523 | AU100: =AP100-E100 -> 0.043996189
F101: SUMMARY OUTPUT | K101: SUMMARY OUTPUT | P101: SUMMARY OUTPUT | U101: SUMMARY OUTPUT | Z101: SUMMARY OUTPUT | AE101: SUMMARY OUTPUT | AJ101: SUMMARY OUTPUT | AU101: =AVERAGE(AU42:AU100)*12 -> 0.20896073 | AV101: Tracking Error
AU102: =_xlfn.STDEV.S(AU42:AU100) -> 0.041914 | AV102: SD of TE
F103: Regression Statistics | K103: Regression Statistics | P103: Regression Statistics | U103: Regression Statistics | Z103: Regression Statistics | AE103: Regression Statistics | AJ103: Regression Statistics | AU103: =CORREL(AP42:AP100,E42:E100) -> 0.80746252 | AV103: Correlation
F104: Multiple R | G104: 0.54644867 | K104: Multiple R | L104: 0.65154134 | P104: Multiple R | Q104: 0.51849964 | U104: Multiple R | V104: 0.83708701 | Z104: Multiple R | AA104: 0.64826514 | AE104: Multiple R | AF104: 0.53259562 | AJ104: Multiple R | AK104: 0.51438428 | AU104: =RSQ(AP42:AP100,E42:E100) -> 0.65199572 | AV104: R^2
F105: R Square | G105: 0.29860615 | K105: R Square | L105: 0.42450612 | P105: R Square | Q105: 0.26884187 | U105: R Square | V105: 0.70071466 | Z105: R Square | AA105: 0.4202477 | AE105: R Square | AF105: 0.2836581 | AJ105: R Square | AK105: 0.26459119 | AU105: =SLOPE(AP42:AP100,E42:E100) -> 1.273579 | AV105: Slope (B)
F106: Adjusted R Square | G106: 0.286301 | K106: Adjusted R Square | L106: 0.41440973 | P106: Adjusted R Square | Q106: 0.25601454 | U106: Adjusted R Square | V106: 0.69546404 | Z106: Adjusted R Square | AA106: 0.4100766 | AE106: Adjusted R Square | AF106: 0.2710907 | AJ106: Adjusted R Square | AK106: 0.25168928
F107: Standard Error | G107: 0.076345023 | K107: Standard Error | L107: 0.060139807 | P107: Standard Error | Q107: 0.047432092 | U107: Standard Error | V107: 0.048888884 | Z107: Standard Error | AA107: 0.066560083 | AE107: Standard Error | AF107: 0.068311768 | AJ107: Standard Error | AK107: 0.077314725
F108: Observations | G108: 59 | K108: Observations | L108: 59 | P108: Observations | Q108: 59 | U108: Observations | V108: 59 | Z108: Observations | AA108: 59 | AE108: Observations | AF108: 59 | AJ108: Observations | AK108: 59
F110: ANOVA | K110: ANOVA | P110: ANOVA | U110: ANOVA | Z110: ANOVA | AE110: ANOVA | AJ110: ANOVA
G111: df | H111: SS | I111: MS | J111: F | L111: df | M111: SS | N111: MS | O111: F | Q111: df | R111: SS | S111: MS | T111: F | V111: df | W111: SS | X111: MS | Y111: F | AA111: df | AB111: SS | AC111: MS | AD111: F | AF111: df | AG111: SS | AH111: MS | AI111: F | AK111: df | AL111: SS | AM111: MS | AN111: F
F112: Regression | G112: 1 | H112: 0.14144028 | I112: 0.14144028 | J112: 24.266752 | K112: Regression | L112: 1 | M112: 0.15206952 | N112: 0.15206952 | O112: 42.045362 | P112: Regression | Q112: 1 | R112: 0.047152532 | S112: 0.047152532 | T112: 20.958512 | U112: Regression | V112: 1 | W112: 0.31897075 | X112: 0.31897075 | Y112: 133.4537 | Z112: Regression | AA112: 1 | AB112: 0.18304819 | AC112: 0.18304819 | AD112: 41.31785 | AE112: Regression | AF112: 1 | AG112: 0.10532725 | AH112: 0.10532725 | AI112: 22.570942 | AJ112: Regression | AK112: 1 | AL112: 0.1225874 | AM112: 0.1225874 | AN112: 20.50791
F113: Residual | G113: 57 | H113: 0.33222806 | I113: 0.0058285625 | K113: Residual | L113: 57 | M113: 0.2061574 | N113: 0.0036167964 | P113: Residual | Q113: 57 | R113: 0.12823879 | S113: 0.0022498033 | U113: Residual | V113: 57 | W113: 0.13623701 | X113: 0.0023901229 | Z113: Residual | AA113: 57 | AB113: 0.25252395 | AC113: 0.0044302447 | AE113: Residual | AF113: 57 | AG113: 0.26599037 | AH113: 0.0046664977 | AJ113: Residual | AK113: 57 | AL113: 0.3407213 | AM113: 0.0059775666
F114: Total | G114: 58 | H114: 0.47366835 | K114: Total | L114: 58 | M114: 0.35822691 | P114: Total | Q114: 58 | R114: 0.17539132 | U114: Total | V114: 58 | W114: 0.45520775 | Z114: Total | AA114: 58 | AB114: 0.43557213 | AE114: Total | AF114: 58 | AG114: 0.37131762 | AJ114: Total | AK114: 58 | AL114: 0.4633087
G116: Coefficients | H116: Standard Error | I116: t Stat | J116: P-value | L116: Coefficients | M116: Standard Error | N116: t Stat | O116: P-value | Q116: Coefficients | R116: Standard Error | S116: t Stat | T116: P-value | V116: Coefficients | W116: Standard Error | X116: t Stat | Y116: P-value | AA116: Coefficients | AB116: Standard Error | AC116: t Stat | AD116: P-value | AF116: Coefficients | AG116: Standard Error | AH116: t Stat | AI116: P-value | AK116: Coefficients | AL116: Standard Error | AM116: t Stat | AN116: P-value
F117: Intercept | G117: 0.027269349 | H117: 0.0099748377 | I117: 2.7338138 | J117: 0.0083255021 | K117: Intercept | L117: 0.012140849 | M117: 0.0078575497 | N117: 1.545119 | O117: 0.1278519 | P117: Intercept | Q117: 0.0024228655 | R117: 0.0061972267 | S117: 0.39095964 | T117: 0.69728461 | U117: Intercept | V117: 0.0058518432 | W117: 0.0063875635 | X117: 0.91613073 | Y117: 0.36345813 | Z117: Intercept | AA117: 0.019034877 | AB117: 0.0086963891 | AC117: 2.1888254 | AD117: 0.032720867 | AE117: Intercept | AF117: 0.013194445 | AG117: 0.0089252551 | AH117: 1.478327 | AI117: 0.14482531 | AJ117: Intercept | AK117: 0.024081398 | AL117: 0.010101534 | AM117: 2.3839348 | AN117: 0.020481029
F118: X Variable 1 | G118: 1.1426533 | H118: 0.23195763 | I118: 4.9261296 | J118: 7.5610944e-06 | K118: X Variable 1 | L118: 1.1848108 | M118: 0.18272163 | N118: 6.4842395 | O118: 2.2900085e-08 | P118: X Variable 1 | Q118: 0.65975159 | R118: 0.14411202 | S118: 4.5780468 | T118: 2.591213e-05 | U118: X Variable 1 | V118: 1.715945 | W118: 0.14853817 | X118: 11.552216 | Y118: 1.4610716e-16 | Z118: X Variable 1 | AA118: 1.2999021 | AB118: 0.20222824 | AC118: 6.4278962 | AD118: 2.838691e-08 | AE118: X Variable 1 | AF118: 0.98604857 | AG118: 0.20755035 | AH118: 4.7508885 | AI118: 1.4114159e-05 | AJ118: X Variable 1 | AK118: 1.0637776 | AL118: 0.23490386 | AM118: 4.528566 | AN118: 3.0785685e-05

Sheet Data. Bond Duration & Convexity
B2: Calculate the approximate price change for a TLT using only its D* and using D* and Convexity
B4: TLT has the following characteristics:
B5: Maturity | C5: 25.8 | H5: BlackRock, Inc. (2026, April 15). iShares 20+ Year Treasury Bond ETF | TLT: Portfolio characteristics. BlackRock iShares. https://www.blackrock.com/us/financial-professionals/products/239454/ishares-20-year-treasury-bond-etf
B6: Coupon ($100 par) | C6: 0.0342 | H6: BlackRock, Inc. (2026, April 15). iShares 20+ Year Treasury Bond ETF | TLT: Portfolio characteristics. BlackRock iShares. https://www.blackrock.com/us/financial-professionals/products/239454/ishares-20-year-treasury-bond-etf
B7: Yield to maturity | C7: 0.0495 | H7: BlackRock, Inc. (2026, April 15). iShares 20+ Year Treasury Bond ETF | TLT: Portfolio characteristics. BlackRock iShares. https://www.blackrock.com/us/financial-professionals/products/239454/ishares-20-year-treasury-bond-etf
B8: Coupon (frequency) | C8: 12 | H8: BlackRock, Inc. (2026, April 15). iShares 20+ Year Treasury Bond ETF | TLT: Portfolio characteristics. BlackRock iShares. https://www.blackrock.com/us/financial-professionals/products/239454/ishares-20-year-treasury-bond-etf
B9: Convexity (C) | C9: 3.27 | H9: BlackRock, Inc. (2026, April 15). iShares 20+ Year Treasury Bond ETF | TLT: Portfolio characteristics. BlackRock iShares. https://www.blackrock.com/us/financial-professionals/products/239454/ishares-20-year-treasury-bond-etf
B10: Current Bond Price | C10: 86.83 | D10: =_xlfn.FORMULATEXT(C10) -> #N/A
B11: Modified Duration (D*) | C11: =MDURATION(DATE(2026,4,15), DATE(2026+C5,4,15), C6, C7, 2) -> 15.433198 | D11: =_xlfn.FORMULATEXT(C11) -> =MDURATION(DATE(2026,4,15), DATE(2026+C5,4,15), C6, C7, 2)
B13: Changes in YTM | C13: YTM down 100bps
B14: with D* only | C14: =-C11*-1% -> 0.15433198 | D14: =_xlfn.FORMULATEXT(C14) -> =-C11*-1%
B15: Bond Price change | C15: =C10*(1+C14) -> 100.23065 | D15: =_xlfn.FORMULATEXT(C15) -> =C10*(1+C14)
B16: with D* and Convexity | C16: =C14+1/2*C9*-1%^2 -> 0.15449548 | D16: =_xlfn.FORMULATEXT(C16) -> =C14+1/2*C9*-1%^2
B17: Bond Price change | C17: =C10*(1+C16) -> 100.24484 | D17: =_xlfn.FORMULATEXT(C17) -> =C10*(1+C16)

Sheet Section 4
A1: SECTION 4 — ACWI ACTIVE STRATEGY | 7-Stock AI-Energy Growth Portfolio
A2: Benchmark: iShares MSCI ACWI ETF | 7 stocks: PWR ETN AEP SBGSY NVT HUBB MLI | TLT buffer | rf=4.95% | Data April 15, 2026
A4: Table 4.1 — Capital Allocation Parameters (ACWI Benchmark)
A5: Parameter | B5: Value | C5: Formula / Source | D5: Interpretation
A6: Risk Tolerance Score | B6: 55 / 100 | C6: Client Input | D6: Conservative-moderate; drives A via scaling
A7: Risk Aversion Index (A) | B7: 9.0 | C7: Derived (Bull: 1-20) | D7: More conservative than prior A=8.0; higher variance penalty
A8: Risk-Free Rate rf | B8: 4.95% | C8: 3M US Treasury Bill | D8: Updated from 3.70% prior; higher floor return
A9: E(Rp) — Risky Portfolio | B9: 29.48% | C9: Security Allocation (Panel G) | D9: Higher expected return driven by 7-stock active overlay
A10: sp — Risky Portfolio | B10: 22.12% | C10: Security Allocation (Panel G) | D10: Near-identical volatility to prior 7-stock universe
A11: y* — Weight in Risky Pf | B11: 55.69% | C11: y*=E(Rp-rf)/(A·sp²) | D11: Increased vs prior 54.94% despite higher A due to larger Sharpe
A12: (1-y*) — Weight in Risk-Free | B12: 44.31% | C12: 1 - y* | D12: Slightly lower TLT buffer vs prior 45.06%
A13: E(Rc) — Complete Portfolio | B13: 18.61% | C13: rf + y·(E(Rp)-rf) | D13: Materially higher expected return (was 15.53%)
A14: sc — Complete Portfolio | B14: 12.32% | C14: y·sp | D14: Near-identical risk (was 12.16%)
A15: Sharpe Ratio (CAL slope) | B15: 1.109 | C15: E(Rp-rf)/sp | D15: Exceptional (>1.0); higher than prior 0.973
A16: Jensen's Alpha (Active Pf) | B16: 17.37% | C16: Panel G | D16: Nearly 2x prior alpha (was 8.78%)
... A20: Net Selectivity | B20: 18.51% | C20: Panel G | D20: Strong stock selection contribution
A22: KEY CHANGE: Benchmark updated to ACWI; 7 stocks selected; rf increased to 4.95%. Portfolio generates higher expected return with comparable volatility.
A24: Table 4.2 — TLT Duration & Convexity Analysis
A25: Characteristic | B25: Value | C25: Risk Implication | D25: Portfolio Role
A26: Instrument | B26: iShares 20+ Year Treasury Bond ETF (TLT) | C26: Pure US Treasury; zero credit risk | D26: Risk-free proxy for bond sleeve
A27: Maturity | B27: 25.8 years (effective) | C27: Long duration | D27: Maximum rate-cut leverage
A28: Coupon Rate | B28: 3.42% (monthly payments) | C28: Below YTM → priced at discount | D28: Monthly income enhances cash flow
A29: Yield to Maturity (YTM) | B29: 0.0495 | C29: Equals risk-free rate; yield pickup = 0 | D29: TLT functions as rf proxy with upside optionality
A30: Current Price | B30: $86.83 (per $100 par) | C30: Deep discount of $13.17; significant capital upside | D30: Asymmetric upside if Fed/BoA cuts rates
A31: Modified Duration (D*) | B31: 15.43 years | C31: ~15.43% price change per 100bps rate move | D31: Rate sensitivity monitored via Fed/BoA communications
A32: Convexity (C) | B32: 3.27 | C32: Positive convexity = favourable asymmetry | D32: Price gains exceed losses for equal rate moves
A33: 100bps Rate Drop: D* only | B33: +15.43% price change ($86.83→$100.23) | C33: Validated duration hedging effect | D33: Scenario analysis confirmed per model
A34: 100bps Rate Drop: D* + Convexity | B34: +15.45% price change ($86.83→$100.24) | C34: Convexity adds marginal upside | D34: Confirms positive convexity profile
A35: Table 4.3 — 7-Stock Universe (ACWI Benchmark)
A36: Ticker | B36: Company | C36: Role | D36: Price | E36: P/E | F36: Beta | G36: Adj. Alpha | H36: Sharpe | I36: Active Wt.
A37: ACWI | B37: MSCI All Country World Index | C37: Benchmark | D37: $179.79 | E37: 17.1x | F37: 1.000 | G37: 0.0% | H37: 0.291 | I37: —
A38: SBGSY | B38: Schneider Electric SA | C38: Smart Grid Leader | D38: $62.15 | E38: 37.7x | F38: 1.216 | G38: +9.10% | H38: 0.472 | I38: +23.39%
A39: MLI | B39: Mueller Industries | C39: Copper/Electrification | D39: $118.25 | E39: 18.1x | F39: 1.064 | G39: +41.76% | H39: 1.083 | I39: +21.08%
A40: NVT | B40: nVent Electric PLC | C40: Thermal/Data Ctr | D40: $131.38 | E40: 50.5x | F40: 1.300 | G40: +12.80% | H40: 0.949 | I40: +17.75%
A41: ETN | B41: Eaton Corporation | C41: Power Mgmt | D41: $395.00 | E41: 37.5x | F41: 1.185 | G41: +8.58% | H41: 0.725 | I41: +14.57%
A42: PWR | B42: Quanta Services | C42: Grid Builder | D42: $585.36 | E42: 54.5x | F42: 1.143 | G42: +13.28% | H42: 1.204 | I42: +13.99%
A43: HUBB | B43: Hubbell Inc | C43: Utility Solutions | D43: $526.94 | E43: 33.4x | F43: 0.986 | G43: +13.73% | H43: 0.726 | I43: +7.33%
A44: AEP | B44: Am. Electric Power | C44: Utility Defensive | D44: $131.50 | E44: 24.6x | F44: 0.660 | G44: +2.61% | H44: 0.303 | I44: +1.89%
A46: SBGSY tops weights at 23.39% (largest holding). MLI 2nd at 21.08% with HIGHEST alpha (41.76%). Universe composition changed — ITRI/WEC/NGG replaced with NVT/HUBB/MLI.
A47: Figure 4.1 — Alpha vs Beta Map
A67: Figure 4.1.1 — Active Portfolio Weights (Native Chart)
A68: Ticker | B68: Active Weight %
A69: SBGSY | B69: 23.39
A70: MLI | B70: 21.08
A71: NVT | B71: 17.75
A72: ETN | B72: 14.57
A73: PWR | B73: 13.99
A74: HUBB | B74: 7.33
A75: AEP | B75: 1.89
A94: Figure 4.2 — Performance Dashboard
A117: Figure 4.3— P/E Ratio
A137: Figure 4.4 — Performance Metric Dashboard
A150: Figure 4.5 — Final Allocation Portfolio
A167: Table 4.4— Active vs. Index Portfolio
A168: Panel | B168: Metric | C168: ACWI (Index) | D168: Active Pf | E168: SBGSY | F168: MLI | G168: NVT
A169: G — Performance | B169: Expected Return | C169: 0.0435 | D169: 0.2948 | E169: 0.1449 | F169: 0.3353 | G169: 0.285
A170: G — Performance | B170: Standard Deviation | C170: 0.1497 | D170: 0.2212 | E170: 0.3069 | F170: 0.3096 | G170: 0.3002
A171: G — Performance | B171: Sharpe Ratio | C171: 0.291 | D171: 1.109 | E171: 0.472 | F171: 1.083 | G171: 0.949
A172: G — Performance | B172: Beta (β) | C172: 1 | D172: 1.274 | E172: 1.216 | F172: 1.064 | G172: 1.3
A173: G — Performance | B173: Treynor Measure | C173: 0.056 | D173: 0.193 | E173: 0.076 | F173: 0.268 | G173: 0.181
A174: G — Performance | B174: Jensen's Alpha (α) | C174: 0 | D174: 0.1737 | E174: — | F174: — | G174: —
A175: G — Performance | B175: Information Ratio | C175: 0 | D175: 0.855 | E175: — | F175: — | G175: —
A176: F — Weights | B176: Active Pf Weight | C176: — | D176: 1 | E176: 0.234 | F176: 0.211 | G176: 0.178
A177: F — Info Ratio | B177: APIR (α/σ²e) | C177: — | D177: 13.808 | E177: — | F177: — | G177: —
A178: F — Info Ratio | B178: IPIR (E(Rm)/σ²M) | C178: — | D178: 2.507 | E178: — | F178: — | G178: —
A179: F — Info Ratio | B179: wA(0) = APIR/IPIR | C179: — | D179: 5.507 | E179: — | F179: — | G179: —
A181: Table 4.5— Summary Output of Regression Analysis
A182: Ticker | B182: Company | C182: Adj. α | D182: Alpha P-Value | E182: Significance | F182: Threshold
A183: PWR | B183: Quanta Services | C183: 0.1328 | D183: 0.0083 | E183: Significant | F183: <5%
A184: ETN | B184: Eaton Corporation | C184: 0.0858 | D184: 0.1279 | E184: NOT significant | F184: >10%
A185: AEP | B185: Am. Electric Power | C185: 0.0261 | D185: 0.6973 | E185: NOT significant | F185: >10%
A186: SBGSY | B186: Schneider Electric | C186: 0.091 | D186: 0.3635 | E186: NOT significant | F186: >10%
A187: NVT | B187: nVent Electric | C187: 0.128 | D187: 0.0327 | E187: Significant | F187: <5%
A188: HUBB | B188: Hubbell Inc | C188: 0.1373 | D188: 0.1448 | E188: NOT significant | F188: >10%
A189: MLI | B189: Mueller Industries | C189: 0.4176 | D189: 0.0205 | E189: Significant | F189: <5%
A191: Figure 4.6 — P-Value & R² Visualisation

Sheet Section 5
A1: SECTION 5 — RISK MANAGEMENT & PERFORMANCE (ACWI BENCHMARK)
A2: Risk parameters updated for 7-stock universe vs ACWI benchmark. Key change: portfolio beta 1.274 (aggressive growth tilt).
A4: Table 5.1 — Risk Decomposition (Updated Panel A)
A5: Ticker | B5: Company | C5: Beta | D5: s Total | E5: s Syst. | F5: s(e) | G5: R² | H5: Corr | I5: Active Wt
A6: ACWI | B6: MSCI ACWI Index | C6: 1.000 | D6: 14.97% | E6: 14.97% | F6: 0.00% | G6: 100.0% | H6: 1.000 | I6: Benchmark
A7: PWR | B7: Quanta Services | C7: 1.143 | D7: 31.31% | E7: 17.11% | F7: 26.22% | G7: 29.9% | H7: 0.546 | I7: +13.99%
A8: ETN | B8: Eaton Corporation | C8: 1.185 | D8: 27.22% | E8: 17.74% | F8: 20.65% | G8: 42.5% | H8: 0.652 | I8: +14.57%
A9: AEP | B9: Am. Electric Power | C9: 0.660 | D9: 19.05% | E9: 9.88% | F9: 31.66% | G9: 26.9% | H9: 0.518 | I9: +1.89%
A10: SBGSY | B10: Schneider Electric | C10: 1.216 | D10: 30.69% | E10: 25.69% | F10: 16.79% | G10: 70.1% | H10: 0.837 | I10: +23.39%
A11: NVT | B11: nVent Electric | C11: 1.300 | D11: 30.02% | E11: 19.46% | F11: 22.86% | G11: 42.0% | H11: 0.648 | I11: +17.75%
A12: HUBB | B12: Hubbell Inc | C12: 0.986 | D12: 27.72% | E12: 14.76% | F12: 36.83% | G12: 28.4% | H12: 0.533 | I12: +7.33%
A13: MLI | B13: Mueller Industries | C13: 1.064 | D13: 30.96% | E13: 15.93% | F13: 37.88% | G13: 26.5% | H13: 0.514 | I13: +21.08%
A15: HUBB has HIGHEST residual variance (36.83%) and MLI close behind (37.88%). AEP low R² (26.9%) — drives p-value concerns (see S8).
A19: Figure 5.1 — Risk Decomposition
A45: Figure 5.2 — Risk-Return Map

Sheet Section 6
A1: SECTION 6 — VALUATION (7 STOCKS, ACWI BENCHMARK, TLT BUFFER)
A2: All prices, EPS, dividends, and analyst targets updated April 15, 2026. Market avg P/E = 29.7x. TLT yield now 4.95% (matches rf).
A4: Table 6.1 — Valuation Summary
A5: Ticker | B5: Company | C5: Price | D5: EPS (TTM) | E5: P/E | F5: Fwd Div ($) | G5: 1yr Target | H5: Target Return | I5: Div Yield
A6: ACWI | B6: MSCI ACWI Index | C6: $179.79 | D6: — | E6: 17.1x | F6: $0.36 | G6: — | H6: — | I6: 0.06%
A7: PWR | B7: Quanta Services | C7: $585.36 | D7: $10.75 | E7: 54.5x | F7: $0.44 | G7: $593.30 | H7: +1.36% | I7: 0.08%
A8: ETN | B8: Eaton Corporation | C8: $395.00 | D8: $10.53 | E8: 37.5x | F8: $4.08 | G8: $404.62 | H8: +2.44% | I8: 1.03%
A9: AEP | B9: Am. Electric Power | C9: $131.50 | D9: $5.35 | E9: 24.6x | F9: $3.80 | G9: $136.81 | H9: +4.04% | I9: 2.89%
A10: SBGSY | B10: Schneider Electric | C10: $62.15 | D10: $1.65 | E10: 37.7x | F10: $0.57 | G10: $65.10 | H10: +4.75% | I10: 0.92%
A11: NVT | B11: nVent Electric | C11: $131.38 | D11: $2.60 | E11: 50.5x | F11: $0.84 | G11: $148.31 | H11: +12.89% | I11: 0.64%
A12: HUBB | B12: Hubbell Inc | C12: $526.94 | D12: $15.80 | E12: 33.4x | F12: $4.88 | G12: $445.50 | H12: −15.46% | I12: 0.93%
A13: MLI | B13: Mueller Industries | C13: $118.25 | D13: $6.54 | E13: 18.1x | F13: $0.80 | G13: $142.80 | H13: +20.76% | I13: 0.68%
A15: MLI: +20.76% upside + cheapest P/E (18.1x). HUBB: ONLY holding with NEGATIVE consensus target (-15.46%) — flagged for reduction. See S8 P-value analysis.
A17: Figure 6.1 — Analyst Consensus Target Returns
A18: Ticker | B18: Target Return %
A19: PWR | B19: 1.36
A20: ETN | B20: 2.44
A21: AEP | B21: 4.04
A22: SBGSY | B22: 4.75
A23: NVT | B23: 12.89
A24: HUBB | B24: -15.46
A25: MLI | B25: 20.76
A40: Table 6.2 — TLT Bond Analysis (YTM = rf = 4.95%)
A41: Characteristic | B41: Value | C41: Risk Implication | D41: Portfolio Role
A42: Instrument | B42: iShares 20+ Year Treasury Bond ETF (TLT) | C42: Pure US Treasury; zero credit risk | D42: 44.31% capital protection
A43: Maturity | B43: 25.8 years | C43: Long duration | D43: Maximum rate-cut leverage
A44: Coupon | B44: 3.42% (monthly) | C44: Below YTM | D44: Monthly income
A45: YTM | B45: 4.95% | C45: Equal to risk-free rate | D45: Equals rf — TLT used as rf proxy
A46: Current Price | B46: $86.83 | C46: Deep discount (-13.17) | D46: Capital upside if rates fall
A47: Modified Duration (D*) | B47: 15.43 years | C47: ~15.4% move per 100bps | D47: ~2x LQD duration
A48: Convexity | B48: 3.27 | C48: Favourable asymmetry | D48: Upside > downside equal moves
A49: 100bps rate drop (D* only) | B49: $86.83 → $100.23 (+15.43%) | C49: Duration estimate | D49: Total: 15.43% + 4.95% = 20.38%
A50: D* + Convexity | B50: $86.83 → $100.24 (+15.45%) | C50: Convexity benefit | D50: Confirmed positive

Sheet Section 7
A1: SECTION 7 — PERFORMANCE MEASUREMENT & MONITORING
A2: The GRID-to-ACWI transition moves every Minh Tri KPI: y*=55.69%, E(Rc)=18.61%, Sharpe=1.109, β=1.274. All monitoring thresholds recalibrated.
A4: Table 7.0 — Portfolio Construction Bridge: Client Goals → Model → Execution
A5: Stage | B5: Client Input | C5: Model Formula | D5: Output | E5: Portfolio Execution
A6: Stage 1: Capital Allocation | B6: Risk Tolerance 55/100 A = 9.0 | C6: y* = E(Rp-rf)/(A·σp²) | D6: y* = 55.69% | E6: 44.31% TLT / T-Bill 55.69% active equity sleeve
A7: Stage 2: Security Selection | B7: Conservative mandate AI-energy theme | C7: wᵢ = αᵢ/σ²(eᵢ) — Treynor-Black | D7: 7 stocks, β = 1.274 | E7: SBGSY 23.4%, MLI 21.1%, NVT 17.7%, ETN 14.6%, PWR 14.0%, HUBB 7.3%, AEP 1.9%
A8: Stage 3: Execution | B8: E(Rc) target 18.61% σc max 12.32% | C8: E(Rc) = rf + y(E(Rp)-rf) σc = y·σp | D8: E(Rc)=18.61%, σc=12.32% Sharpe=1.109, α=17.37% | E8: Live portfolio matches model outputs quarterly
A11: Table 7.1 — 12-KPI Monitoring Dashboard
A12: KPI / Metric | B12: Source (Sheet/Panel) | C12: Target / Threshold | D12: Frequency | E12: Trigger Action
A13: Portfolio Return E(Rc) | B13: Capital Allocation | C13: >= 18.61% (3yr) | D13: Quarterly | E13: Review if below target -200bps for 2Q
A14: Sharpe Ratio | B14: Panel G | C14: >= 0.80 (12M rolling) | D14: Quarterly | E14: Reduce active if < 0.70 for one quarter
A15: Jensen's Alpha | B15: Panel G | C15: > 0% (3yr rolling) | D15: Quarterly | E15: Reduce if negative for 2 consecutive quarters
A16: Information Ratio | B16: Panel G | C16: >= 0.30 (current 0.855) | D16: Quarterly | E16: Review if IR < 0.20
A17: Portfolio Beta | B17: Panel A | C17: 1.00 - 1.40 | D17: Monthly | E17: Rebalance if outside ±0.15 of 1.274
A18: Complete Pf SD (σc) | B18: Capital Allocation | C18: <= 13.50% (cap 14%) | D18: Monthly | E18: Reduce y if σc breaches 14%
A19: Max Drawdown (12M) | B19: Portfolio monitoring | C19: < -15% alert; -20% review | D19: Ongoing | E19: Notify at -10%; emergency review at -15%
A20: y* Risky Weight | B20: Capital Allocation | C20: 50% - 62% | D20: Monthly | E20: Rebalance to 55.69% target ±5%
A21: SBGSY Position Weight | B21: Panel G | C21: <= 30% of active sleeve | D21: Ongoing | E21: Currently 23.4%; trim on breach
A22: P-Value Monitor (4 stocks) | B22: Data. Securities | C22: p < 10% | D22: Quarterly | E22: See S8 — reduce 50% if p>10% for 2 quarters
A23: HUBB Special Review | B23: Data. Securities | C23: Negative consensus target | D23: Monthly | E23: Reduce 50% if no improvement in 2 quarters
A24: TLT Duration Risk | B24: Bond Duration sheet | C24: D* = 15.43yr | D24: Monthly | E24: Shorten to T-Bill if Fed hawkish
A27: Table 7.2 — Model Refresh Protocol
A28: Frequency | B28: What to Update | C28: Sheet / Panel | D28: Decision Output
A29: Monthly | B29: Prices, EPS, dividends, analyst targets | C29: Data. Securities (Panel 3) | D29: Updated valuation inputs
A30: Quarterly | B30: Alpha regression, Panel F/G re-optimisation | C30: Security Allocation (E/F/G) | D30: New active weights
A31: Quarterly | B31: P-value re-estimation per stock | C31: Data. Securities | D31: Monitor the 4 high-p-value stocks
A32: Quarterly | B32: Capital Allocation refresh; y* if A changes | C32: Capital Allocation sheet | D32: New y*, E(Rc), σc, Sharpe
A33: Semi-annual | B33: Risk Aversion A reassessment (client consult.) | C33: Client meeting + Capital Alloc. | D33: Revised y* if A changes
A34: Event-driven | B34: Earnings surprise >15% vs consensus | C34: Data. Securities Panel 1/E | D34: Immediate alpha revision
A35: Event-driven | B35: Fed/BoC rate policy change | C35: Data. Bond Duration | D35: Duration adjustment
A36: Event-driven | B36: HUBB consensus revision downward | C36: Data. Securities | D36: Assess position reduction
A39: Figure 7.1 — Construction Bridge Diagram
